Workbook
Name _Col1_iNdEx_2: #REF!
Name _Col2_iNdEx_3: #REF!
Name _Col3_iNdEx_4: #REF!
Name _Col4_iNdEx_5: #REF!
Name _Col5_iNdEx_6: #REF!
Name _Row0_TCol0_iNdEx_1: #REF!
Name _Row1_iNdEx_7: #REF!
Name _Row10_iNdEx_16: #REF!
Name _Row11_iNdEx_17: #REF!
Name _Row12_iNdEx_18: #REF!
Name _Row13_iNdEx_19: #REF!
Name _Row14_iNdEx_20: #REF!
Name _Row15_iNdEx_21: #REF!
Name _Row16_iNdEx_22: #REF!
Name _Row17_iNdEx_23: #REF!
Name _Row18_iNdEx_24: #REF!
Name _Row19_iNdEx_25: #REF!
Name _Row2_iNdEx_8: #REF!
Name _Row20_iNdEx_26: #REF!
Name _Row21_iNdEx_27: #REF!
Name _Row22_iNdEx_28: #REF!
Name _Row23_iNdEx_29: #REF!
Name _Row24_iNdEx_30: #REF!
Name _Row25_iNdEx_31: #REF!
Name _Row26_iNdEx_32: #REF!
Name _Row27_iNdEx_33: #REF!
Name _Row28_iNdEx_34: #REF!
Name _Row29_iNdEx_35: #REF!
Name _Row3_iNdEx_9: #REF!
Name _Row30_iNdEx_36: #REF!
Name _Row31_iNdEx_37: #REF!
Name _Row32_iNdEx_38: #REF!
Name _Row33_iNdEx_39: #REF!
Name _Row34_iNdEx_40: #REF!
Name _Row35_iNdEx_41: #REF!
Name _Row36_iNdEx_42: #REF!
Name _Row37_iNdEx_43: #REF!
Name _Row38_iNdEx_44: #REF!
Name _Row39_iNdEx_45: #REF!
Name _Row4_iNdEx_10: #REF!
Name _Row40_iNdEx_46: #REF!
Name _Row41_iNdEx_47: #REF!
Name _Row42_iNdEx_48: #REF!
Name _Row43_iNdEx_49: #REF!
Name _Row44_iNdEx_50: #REF!
Name _Row45_iNdEx_51: #REF!
Name _Row46_iNdEx_52: #REF!
Name _Row47_iNdEx_53: #REF!
Name _Row48_iNdEx_54: #REF!
Name _Row49_iNdEx_55: #REF!
Name _Row5_iNdEx_11: #REF!
Name _Row50_iNdEx_56: #REF!
Name _Row51_iNdEx_57: #REF!
Name _Row52_iNdEx_58: #REF!
Name _Row53_iNdEx_59: #REF!
Name _Row54_iNdEx_60: #REF!
Name _Row55_iNdEx_61: #REF!
Name _Row56_iNdEx_62: #REF!
Name _Row57_iNdEx_63: #REF!
Name _Row6_iNdEx_12: #REF!

Sheet Table of contents
B4: Sustainability Fact Book 2025
B6: INTRODUCTION | D6: SOCIAL
B7: Introduction | D7: Locations and transactions
B8: Change log | D8: Volunteering
B9: Sustainable Finance Disclosure Regulation mandatory Principal Adverse Impact Indicators (SFDR PAI Indicators) | D9: Employees
D10: Diversity, equity and inclusion
B11: SUSTAINABLE FINANCE | D11: Health and safety
B12: Sustainable finance
B13: Active ownership | D13: GOVERNANCE
D14: Management
B15: ENVIRONMENT | D15: Training
B16: Breakdown of baseline changes | D16: Danske Bank Group Policies
B17: Energy consumption
B18: Electricity consumption
B19: Heat consumption
B20: Road transport
B21: Air transport
B22: Paper consumption
B23: Carbon neutralisation
B24: Breakdown of indirect and direct CO2e emissions
B25: Other consumption
B27: Disclaimer:
B28: This publication has been prepared by Danske Bank for information purposes only. It is not an offer or solicitation of any offers to purchase or sell any securities, currency or financial instruments. Whilst reasonable care has been taken to ensure that the content of this publication is not untrue or misleading, no representation is made as to its accuracy or completeness, and no liability is accepted for any loss arising from reliance on it. Danske Bank, its affiliates or staff may perform business services, hold, establish, change or cease to hold positions in any securities, currency or financial instrument mentioned in this publication. The Danske Bank Group’s research analysts are not permitted to invest in securities under coverage in their research sector. This publication is not intended for personal customers in the UK or any person in the USA. Danske Bank is authorised by the Danish Financial Supervisory Authority (Finanstilsynet) and subject to limited regulation by the Financial Conduct Authority and the Prudential Regulation Authority for the conduct of business in the UK. Details on the extent of our regulation by the Financial Conduct Authority and the Prudential Regulation Authority are available from us on request. Danske Bank is a member of the London Stock Exchange. Copyright © 2026 Danske Bank A/S. All rights reserved. This publication is protected by copyright and may not be reproduced in whole or in part without permission.
B30: For further information:
B31: Danske Bank Group Sustainability Berntorffsgade 40 DK-1577 København V, Denmark Email — sustainability@danskebank.com

Sheet Introduction
B4: Introduction
B6: The Sustainability Fact Book is standalone report and serves as a supplement to Danske Bank’s statutory reports. It aims to provide our stakeholders with relevant information and data about Danske Bank's sustainability performance. How to read this report: • The Sustainability Fact Book 2025 includes environmental, social and governance (ESG) data and information based on stakeholder interest and demand. • When available, five-year historical data is reported (otherwise marked with -). Environmental data has been reported starting from 2019 because 2019 serves as the target baseline. Older historical data (since 2009, when available) can be found in Danske Bank’s previous Sustainability Fact Books, available at https://danskebank.com/sustainability/publications-and-policies. • Because reporting principles are reviewed and updated on an ongoing basis year by year, accounting inconsistency may exist when comparing historical data. • Minor differences as a result of rounding may exist in some historical data when this data is compared against previously published data. • Environmental data is based on the most reliable consumption data available from the Group’s operations in Denmark, Finland, Ireland, Northern Ireland, Norway, Sweden and Lithuania, supplemented by estimated consumption from the Danske Bank Group’s remaining operations over which Danske Bank has operational control and where registered data is not available. • GDPR compliance has had implications for certain types of employee data, so caution should be exercised if making direct comparisons. • Some selected data points are no longer reported due to changed accounting and reporting procedures and/or the closure of activities. • Selected data in the Sustainability Fact Book 2025 has been verified by a third party. For further details on our reporting principles for ESG data included in the statutory Sustainability Statement, please refer to the Sustainability Statement in Danske Bank’s Annual Report 2025.

Sheet Change log
B4: Change log
B6: Date | C6: Changes and/or additions | D6: Link to sheet

Sheet SFDR PAI Indicators
B4: Danske Bank’s Sustainable Finance Disclosure Regulation - Principal Adverse Impact Indicators
B6: We report on Danske Bank's relevant mandatory Principal Adverse Impact (PAI) indicators included in the EU's Sustainable Financial Disclosure Regulation (SFDR). The data covers Danske Bank's own operations only. Danske Bank's Statement on principal adverse impacts of investment decisions on sustainability factors can be found at www.danskebank.com/sustainability/publications-and-policies.
B8: Area | C8: Topic | D8: Accounting metric | E8: 2025 | F8: 2024 | G8: 2023 | H8: Unit | I8: Comment
B9: Environmental
B10: GHG emissions | C10: GHG Emissions | D10: Scope 1 | E10: ='Breakdown of baseline changes'!E10 -> 219.31931 | F10: ='Breakdown of baseline changes'!H10 -> 215.44735 | G10: ='Breakdown of baseline changes'!K10 -> 200.76072 | H10: tonnes
D11: Scope 2 | E11: ='Breakdown of baseline changes'!F10 -> 1210.9526 | F11: ='Breakdown of baseline changes'!I10 -> 1657.7516 | G11: ='Breakdown of baseline changes'!L10 -> 1753.3958 | H11: tonnes | I11: Market-based
D12: Scope 3 | E12: ='Breakdown of baseline changes'!G10 -> 5191.51 | F12: ='Breakdown of baseline changes'!J10 -> 7453.6881 | G12: ='Breakdown of baseline changes'!M10 -> 7917.6321 | H12: tonnes | I12: Paper consumption, business travel
D13: Total GHG | E13: =SUM(E10:E12) -> 6621.782 | F13: =SUM(F10:F12) -> 9326.887 | G13: =SUM(G10:G12) -> 9871.7886 | H13: tonnes
C14: Share of non-renewable energy | D14: Renewable energy use | E14: =E16*E15% -> 31398.813 | F14: =F16*F15% -> 37449.723 | G14: =G16*G15% -> 37106.942 | H14: MWh
D15: Percentage renewable energy consumed | E15: ='Energy consumption'!C75 -> 50 | F15: ='Energy consumption'!D75 -> 47 | G15: ='Energy consumption'!E75 -> 53 | H15: % | I15: Related to own consumption (scope 1 and 2)
C16: Energy consumption intensity per high-impact climate sector | D16: Total energy consumption | E16: ='Energy consumption'!C36 -> 62797.626 | F16: ='Energy consumption'!D36 -> 79680.261 | G16: ='Energy consumption'!E36 -> 70013.098 | H16: MWh
D17: Total revenue | E17: See comment | F17: 31.21 | G17: 26.7 | H17: DKK billions | I17: See ‘Profit before tax’ in Danske Bank Annual Report 2025: Financial highlights - Danske Bank Group: Income statement
B18: Biodiversity | C18: Activities negatively affecting biodiversity-sensitive areas | D18: Number of sites in environmentally sensitive areas | E18: 0 | F18: 0 | G18: 0 | H18: number
B19: Water | C19: Emissions to water | D19: Total water discharged | E19: 0 | F19: 0 | G19: 0 | H19: m3 | I19: No discharges to water except for hygiene water
D20: Water stress exposure percentage | E20: 0 | F20: 0 | G20: 0 | H20: % | I20: No data, and not material for a bank to measure
B21: Waste | C21: Hazardous waste ratio | D21: Hazardous waste | E21: 0 | F21: 0 | G21: 0 | H21: tonnes | I21: No data, and not material for a bank to measure
B22: Social and Employee, respect for human rights, anti-corruption and anti-bribery matters
B23: Social and employee matters | C23: Unadjusted gender pay gap | D23: Mean gender pay gap | E23: =100-'Diversity, equity and inclusion'!C31 -> 23.1 | F23: 24.6 | G23: =100-'Diversity, equity and inclusion'!E31 -> 23.3 | H23: % | I23: Median Gender Pay Gap
C24: Policies to monitor compliance with the UNGC principles or OECD Guidelines for Multinational Enterprises | D24: UN Global Compact signatory | E24: yes | F24: yes | G24: yes | H24: yes/no
C25: Board gender diversity | D25: % women on the Board of Directors | E25: =Management!C7 -> 33 | F25: =Management!D7 -> 37.5 | G25: =Management!E7 -> 38 | H25: % | I25: Elected at the Annual General Meeting. 46% women on the Board of Directors if employee-elected members are also included.

Sheet Sustainable finance
B4: Sustainable finance
B6: Green bonds issued by Danske Bank (DB) (DKK billions) | C6: 2025 | D6: 2024 | E6: 2023 | F6: 2022 | G6: 2021
C7: 45.15725 | D7: 33.3 | E7: 33.4 | F7: 13 | G7: 7.4
B9: Green bonds issued by Realkredit Danmark (RD) (DKK billions) | C9: 2025 | D9: 2024 | E9: 2023 | F9: 2022 | G9: 2021
C10: 34.823579 | D10: 29.1 | E10: 27.2 | F10: 21.5 | G10: 17
B12: Bloomberg League table share of arranged Sustainable Bonds (DKK billions) 1,2 | C12: 2025 | D12: 2024 | E12: 2023 | F12: 2022 | G12: 2021
C13: 87.611577 | D13: 89.7 | E13: 93.5 | F13: 64.4 | G13: 77.3
B14: 1 Sustainable bonds comprise green bonds, social bonds, sustainability bonds and sustainability-linked bonds.
B15: 2 The data for 2021-2023 has been restated due to the inclusion of sustainability-linked bonds.
B17: Green loans granted to customers in DB (DKK billions) 1 | C17: 2025 | D17: 2024 | E17: 2023 | F17: 2022 | G17: 2021
C18: 68.82803 | D18: 49.4 | E18: 41.9 | F18: 34.8 | G18: 20.6
B19: 1 The data for 2025 includes green loans to personal customers.
B21: Green loans granted to customers in RD (DKK billions) | C21: 2025 | D21: 2024 | E21: 2023 | F21: 2022 | G21: 2021
C22: 34.336107 | D22: 29.04 | E22: 27.08 | F22: 21.48 | G22: 16.95
B24: Investments in the green transition by Danica (DKK billions) | C24: 2025 | D24: 2024 | E24: 2023 | F24: 2022 | G24: 2021
C25: 66.382 | D25: 57.4 | E25: 55.4 | F25: 37.7 | G25: 33.5
B27: Funds that disclose information under SFDR Article 8 (DKK billions) 1, 2 | C27: 2025 | D27: 2024 | E27: 2023 | F27: 2022 | G27: 2021
C28: 644 | D28: 572 | E28: 517 | F28: 465 | G28: 564
B29: 1 These figures reflect assets under management (AuM) in funds that disclose information under SFDR Article 8. Funds disclosing information under Articles 8 and 9 encompass a wide range of investment approaches and ambition levels and should not be considered as sustainability or ESG labels, nor as a basis for comparing ESG performance. These figures are disclosed for transparency purposes and should not be interpreted as being targets.
B30: 2 Data for 2021-2022 is verified by a third party.
B32: Funds that disclose information under SFDR Article 9 (DKK billions) 1,2 | C32: 2025 | D32: 2024 | E32: 2023 | F32: 2022 | G32: 2021
C33: 51 | D33: 49 | E33: 53 | F33: 52 | G33: 65
B34: 1 These figures reflect AuM in funds that disclose information under SFDR Article 9. Funds disclosing information under Articles 8 and 9 encompass a wide range of investment approaches and ambition levels and should not be considered as sustainability or ESG labels, nor as a basis for comparing ESG performance. These figures are disclosed for transparency purposes and should not be interpreted as being targets.
B35: 2 Data for 2021-2023 is verified by a third party.

Sheet Active ownership
B4: Sustainable finance: Active ownership
B6: Total assets under management (DKK billions) 1 | C6: 2025 | D6: 2024 | E6: 2023 | F6: 2022 | G6: 2021
C7: 1018 | D7: 880 | E7: 771 | F7: 670 | G7: 2007
B8: 1 The data for 2023 has been restated.
B10: Total number of ESG dialogues 1,2 | C10: 2025 | D10: 2024 | E10: 2023 | F10: 2022 | G10: 2021
C11: - | D11: 2438 | E11: 1481 | F11: 1718 | G11: -
B12: 1 The data includes Danske Bank Group data, i.e. Danica and Danske Invest.
B13: 2 2025 data pending at time of publication.
B15: Total number of companies we have had dialogues with 1,2 | C15: 2025 | D15: 2024 | E15: 2023 | F15: 2022 | G15: 2021
C16: - | D16: 1214 | E16: 809 | F16: 978 | G16: -
B17: 1 The data includes Danske Bank Group data, i.e. Danica and Danske Invest.
B18: 2 2025 data pending at time of publication.
B20: Total number of proposals 1 | C20: 2025 | D20: 2024 | E20: 2023 | F20: 2022 | G20: 2021
C21: 28483 | D21: 40730 | E21: 61926 | F21: 61373 | G21: -
B22: 1 The data includes Danske Bank Group data, i.e. Danica and Danske Invest.
B24: Total number of general meetings 1 | C24: 2025 | D24: 2024 | E24: 2023 | F24: 2022 | G24: 2021
C25: 2208 | D25: 3307 | E25: 4972 | F25: 4957 | G25: -
B26: 1 The data includes Danske Bank Group data, i.e. Danica and Danske Invest.

Sheet Breakdown of baseline changes
B4: Environment: Breakdown of historical baseline changes
B6: Data quality is improving on an ongoing basis. The chart below illustrates the material changes to our different environmental metrics, specifying how the baseline has changed with restated figures when material changes have been made to scopes.
B8: Change | C8: Changed | D8: Version | E8: 2025 | H8: 2024 | K8: 2023 | N8: 2022 | Q8: 2021 | T8: 2020 | W8: 2019
E9: Scope 1 | F9: Scope 2 | G9: Scope 3 | H9: Scope 1 | I9: Scope 2 | J9: Scope 3 | K9: Scope 1 | L9: Scope 2 | M9: Scope 3 | N9: Scope 1 | O9: Scope 2 | P9: Scope 3 | Q9: Scope 1 | R9: Scope 2 | S9: Scope 3 | T9: Scope 1 | U9: Scope 2 | V9: Scope 3 | W9: Scope 1 | X9: Scope 2 | Y9: Scope 3
B10: Restatement of our baseline for own operations emissions (scope 1, 2, and current scope 3) to excluded scope 3.7 emissions from employee commuting (working from home) due to insufficient data availability, low data quality and limited control. | C10: 2025 | D10: 0.4 | E10: 219.31931 | F10: 1210.9526 | G10: 5191.51 | H10: 215.44735 | I10: 1657.7516 | J10: 7453.6881 | K10: 200.76072 | L10: 1753.3958 | M10: 7917.6321 | N10: 244.61404 | O10: 2062.3607 | P10: 5667.8922 | Q10: 643.04729 | R10: 2812.1901 | S10: 2381.8276 | T10: 651.4545 | U10: 3209 | V10: 7292.9025 | W10: 555.22274 | X10: 4550.4035 | Y10: 17239.983
E11: 6621.7694 | H11: 9326.887 | K11: 9871.7886 | N11: 7974.8669 | Q11: 5837.065 | T11: 11153.357 | W11: 22345.61
B12: Restatement of our baseline for own operations emissions (scope 1, 2, and current scope 3) to enhance the accuracy of the Scope 3.6 business travel by air model. | C12: 2024 | D12: 0.3 | E12: - | F12: - | G12: - | H12: 215.44735 | I12: 2062.6839 | J12: 8597.6858 | K12: 200.76072 | L12: 1753.3958 | M12: 9231.1101 | N12: 244.61404 | O12: 2062.3607 | P12: 7010.2409 | Q12: 643.04729 | R12: 2812.1901 | S12: 3886.8445 | T12: 651.4545 | U12: 3209.2723 | V12: 8318.1016 | W12: 555.22274 | X12: 4550.4035 | Y12: 17629.925
E13: - | H13: 10875.817 | K13: 11185.267 | N13: 9317.2156 | Q13: 7342.0819 | T13: 12178.828 | W13: 22735.552
B14: Addition of emissions from employee benefit cars - Denmark. Restructure of emissions from business travel incorrectly reported in scope 1, moved to scope 3. Correction of emission factor for district heating in Denmark | C14: 2023 | D14: 0.2 | E14: - | F14: - | G14: - | H14: - | I14: - | J14: - | K14: 200.76072 | L14: 1753.3958 | M14: 7338.1217 | N14: 244.61404 | O14: 2062.3607 | P14: 6055.4974 | Q14: 643.04729 | R14: 2812.1901 | S14: 3944.6012 | T14: 651.4545 | U14: 3209.2723 | V14: 6537.5336 | W14: 555.22274 | X14: 4550.4035 | Y14: 12196.095
E15: - | H15: - | K15: 9292.2782 | N15: 8362.4722 | Q15: 7399.8386 | T15: 10398.26 | W15: 17301.721
B16: Addition of emissions from working from home | C16: 2022 | D16: 0.1 | E16: - | F16: - | G16: - | H16: - | I16: - | J16: - | K16: - | L16: - | M16: - | N16: 468 | O16: 1871 | P16: 4641 | Q16: 787 | R16: 2786 | S16: 2650.9384 | T16: 810 | U16: 3119 | V16: 4956.5685 | W16: 790 | X16: 4480 | Y16: 10340.682
E17: - | H17: - | K17: - | N17: 6979 | Q17: 6224 | T17: 8886 | W17: 15611
B18: First reported | C18: N/A | D18: 0.0 | E18: - | F18: - | G18: - | H18: - | I18: - | J18: - | K18: - | L18: - | M18: - | N18: - | O18: - | P18: - | Q18: 787 | R18: 2786 | S18: 1161 | T18: 810 | U18: 3119 | V18: 3942 | W18: 790 | X18: 4480 | Y18: 9960
E19: - | H19: - | K19: - | N19: - | Q19: 4734 | T19: 7871 | W19: 15230

Sheet Energy consumption
B4: Environment: Energy consumption
B6: Energy consumption of the Danske Bank Group – all data is reported from Q4-Q3 and covers our main operations in Denmark, Finland, Sweden, Norway, Northern Ireland, Ireland, Lithuania and India, supplemented by estimated consumption from the Danske Bank Group’s remaining operations over which Danske Bank has operational control and where registered data is not available.
B8: The Danske Bank Group sold its operations in India in 2023. Therefore, no data is available for India from 2024 and onwards.
B10: Floor area - square metres occupied (average) | C10: 2025 | D10: 2024 | E10: 2023 | F10: 2022 | G10: 2021 | H10: 2020 | I10: 2019
B11: Total | C11: 397353.35 | D11: 465216 | E11: 450964.73 | F11: 463332.13 | G11: 509522.28 | H11: 528109.55 | I11: 539812.79
B12: Denmark | C12: 241612.3 | D12: 301531 | E12: 264178.28 | F12: 254837.38 | G12: 286443 | H12: 293901.23 | I12: 306041.09
B13: Finland | C13: 42609.2 | D13: 46527 | E13: 48590.926 | F13: 51105 | G13: 52306 | H13: 63332.027 | I13: 70189.548
B14: Sweden | C14: 28600 | D14: 30587 | E14: 33917 | F14: 34124.995 | G14: 37208 | H14: 37809.546 | I14: 41318.521
B15: Norway | C15: 20262.82 | D15: 22309 | E15: 23640.479 | F15: 26819.184 | G15: 30880 | H15: 35779.475 | I15: 33947.635
B16: Northern Ireland | C16: 24614.667 | D16: 23670 | E16: 23938.16 | F16: 26200.636 | G16: 26781 | H16: 27735.87 | I16: 29861.04
B17: Ireland | C17: 710 | D17: 1047 | E17: 1046.8878 | F17: 1047 | G17: 1047 | H17: 1046.824 | I17: 1046.65
B18: Lithuania | C18: 38944.36 | D18: 39545 | E18: 39545 | F18: 50151.387 | G18: 60027 | H18: 53673.578 | I18: 42577.307
B19: India | C19: - | D19: - | E19: 16108 | F19: 19046.553 | G19: 14831 | H19: 14831 | I19: 14831
B21: Number of FTEs 1,2 | C21: 2025 | D21: 2024 | E21: 2023 | F21: 2022 | G21: 2021 | H21: 2020 | I21: 2019
B22: Total | C22: 20095.389 | D22: 20063 | E22: 20440.296 | F22: 21395 | G22: 21855 | H22: 21973 | I22: 20767
B23: Denmark | C23: 10008.871 | D23: 9819.3383 | E23: 9778.7954 | F23: 10417.582 | G23: 10802.413 | H23: 11019.836 | I23: 10630.635
B24: Finland | C24: 1596.6605 | D24: 1529.6299 | E24: 1542.6731 | F24: 1604.1519 | G24: 1722.25 | H24: 1815.8919 | I24: 1878.0694
B25: Sweden | C25: 1429.5357 | D25: 1440.057 | E25: 1445.4659 | F25: 1441.0569 | G25: 1457.75 | H25: 1498.7715 | I25: 1451.2786
B26: Norway | C26: 635.60493 | D26: 926.55224 | E26: 1043.8016 | F26: 1078.3002 | G26: 1125.25 | H26: 1151.4763 | I26: 1106.1662
B27: Northern Ireland | C27: 1337.7073 | D27: 1348.3066 | E27: 1379.3668 | F27: 1358.9554 | G27: 1414.75 | H27: 1421.0691 | I27: 1426.2819
B28: Ireland | C28: 43.64 | D28: 45.048634 | E28: 44.996986 | F28: 46.813397 | G28: 46 | H28: 49.347541 | I28: 55.807397
B29: Lithuania | C29: 4504.2432 | D29: 4405.483 | E29: 4165.4434 | F29: 4074.4414 | G29: 3879.75 | H29: 3747.3434 | I29: 3163.0251
B30: India | C30: - | D30: - | E30: 1390.1451 | F30: 1373.2937 | G30: 1407.25 | H30: 1269.2186 | I30: 1055.5863
B31: Estimated countries | C31: 539.12685 | D31: 548.2335 | E31: - | F31: - | G31: - | H31: - | I31: -
B32: 1 The number of FTEs is provided by Group Finance and covers the average number of employees for the financial year from Q4 to Q3. From 2024, the total number of FTEs includes number of FTEs from the estimated countries.
B33: 2 The number of FTEs for India is an average number of full-time employees for Q4 2022, Q1 2023 and Q2 2023. At the end of Q3 2023, no FTEs calculated in India due to the divestment/sale of Danske IT to InfoSys.
B35: Energy consumption in total (MWh) 1,2,3 | C35: 2025 | D35: 2024 | E35: 2023 | F35: 2022 | G35: 2021 | H35: 2020 | I35: 2019
B36: Total | C36: =SUM(C37:C45) -> 62797.626 | D36: 79680.261 | E36: 70013.098 | F36: 82456.663 | G36: 93895.49 | H36: 99569.815 | I36: 107615
B37: Denmark | C37: 35979.994 | D37: 49874.469 | E37: 43895.079 | F37: 50220.382 | G37: 60103.574 | H37: 59442.008 | I37: 64074.592
B38: Finland | C38: 6135.7354 | D38: 7217.5677 | E38: 6728.0052 | F38: 7365.7009 | G38: 7637.6615 | H38: 9425.3544 | I38: 11686.566
B39: Sweden | C39: 4093.0396 | D39: 4949.6415 | E39: 3972.0441 | F39: 4044.0087 | G39: 4605.1725 | H39: 4851.4358 | I39: 7021.3118
B40: Norway | C40: 3334.5752 | D40: 3766.0243 | E40: 4121.6446 | F40: 5364.0222 | G40: 5385.3211 | H40: 5806.6895 | I40: 6445.7211
B41: Northern Ireland | C41: 3658.586 | D41: 3882.736 | E41: 3601.174 | F41: 3790.732 | G41: 4756.19 | H41: 5720.586 | I41: 5833.983
B42: Ireland | C42: 66.1477 | D42: 77.405 | E42: 82.482 | F42: 118.494 | G42: 148.862 | H42: 148.235 | I42: 136.141
B43: Lithuania | C43: 7864.549 | D43: 7476.812 | E43: 6105.907 | F43: 10214.323 | G43: 10400.709 | H43: 12933.028 | I43: 10862.613
B44: India | C44: - | D44: - | E44: 1506.7619 | F44: 1339 | G44: 858 | H44: 1242.479 | I44: 1554.4661
B45: Estimated countries | C45: 1665 | D45: 2435.6058 | E45: - | F45: - | G45: - | H45: - | I45: -
B46: 1 From 2019 and onwards, the Swedish energy consumption also included district cooling.
B47: 2 From 2024, due to changes in our internal reporting system, estimated countries consumption data is now in a different format, separate from country totals. This change is visible only from 2024, leaving previous years’ data empty.
B48: 3 2019-2023 data is verified by a third party
B50: Energy consumption per employee (MWh/FTE) 1,2 | C50: 2025 | D50: 2024 | E50: 2023 | F50: 2022 | G50: 2021 | H50: 2020 | I50: 2019
B51: Total | C51: =C36/C22 -> 3.1249769 | D51: 3.9716185 | E51: 3.43 | F51: 3.8540885 | G51: 4.3 | H51: 4.5314716 | I51: 5.182076
B52: Denmark | C52: =C37/C23 -> 3.5948105 | D52: 5.0792087 | E52: 4.49 | F52: 4.8207329 | G52: 5.56 | H52: 5.3940921 | I52: 6.0273531
B53: Finland | C53: =C38/C24 -> 3.8428553 | D53: 4.7185059 | E53: 4.36 | F53: 4.5916479 | G53: 4.43 | H53: 5.1904822 | I53: 6.2226486
B54: Sweden | C54: =C39/C25 -> 2.8631952 | D54: 3.4371151 | E54: 2.75 | F54: 2.8062797 | G54: 3.16 | H54: 3.2369415 | I54: 4.8380179
B55: Norway | C55: =C40/C26 -> 5.2463016 | D55: 4.0645569 | E55: 3.95 | F55: 4.9745167 | G55: 4.79 | H55: 5.0428216 | I55: 5.8270821
B56: Northern Ireland | C56: =C41/C27 -> 2.7349674 | D56: 2.8797129 | E56: 2.61 | F56: 2.7894454 | G56: 3.36 | H56: 4.025551 | I56: 4.0903436
B57: Ireland | C57: =C42/C28 -> 1.5157585 | D57: 1.7182541 | E57: 1.83 | F57: 2.5311985 | G57: 3.24 | H57: 3.0038984 | I57: 2.4394795
B58: Lithuania | C58: =C43/C29 -> 1.7460312 | D58: 1.6971606 | E58: 1.47 | F58: 2.506926 | G58: 2.68 | H58: 3.4512524 | I58: 3.4342483
B59: India | C59: - | D59: - | E59: 1.08 | F59: 0.97502814 | G59: 0.61 | H59: 0.97893225 | I59: 1.4726092
B60: 1 From 2024, the total energy consumption per employee (MWh/FTE) is calculated by dividing the total energy consumption by the total number of FTEs, including those in estimated countries.
B61: 2 2019-2023 data is verified by a third party
B63: Energy consumption per square metre (kWh/m2) | C63: 2025 | D63: 2024 | E63: 2023 | F63: 2022 | G63: 2021 | H63: 2020 | I63: 2019
B64: Total | C64: =C36/C11*1000 -> 158.03976 | D64: 171.27584 | E64: 155.25183 | F64: 177.96448 | G64: 184.28142 | H64: 188.54008 | I64: 199.35688
B65: Denmark | C65: =C37/C12*1000 -> 148.91623 | D65: 165.40412 | E65: 166.15703 | F65: 197.06835 | G65: 209.82734 | H65: 202.25165 | I65: 209.36597
B66: Finland | C66: =C38/C13*1000 -> 144.00025 | D66: 155.12644 | E66: 138.46217 | F66: 144.12877 | G66: 146.01884 | H66: 148.82445 | I66: 166.50009
B67: Sweden | C67: =C39/C14*1000 -> 143.11327 | D67: 161.82174 | E67: 117.11071 | F67: 118.50577 | G67: 123.76834 | H67: 128.31246 | I67: 169.93134
B68: Norway | C68: =C40/C15*1000 -> 164.5662 | D68: 168.81188 | E68: 174.34691 | F68: 200.00691 | G68: 174.39511 | H68: 162.29107 | I68: 189.87246
B69: Northern Ireland | C69: =C41/C16*1000 -> 148.63439 | D69: 164.03616 | E69: 150.43654 | F69: 144.68092 | G69: 177.59568 | H69: 206.25226 | I69: 195.37106
B70: Ireland | C70: =C42/C17*1000 -> 93.165775 | D70: 73.930277 | E70: 78.787812 | F70: 113.17479 | G70: 142.17956 | H70: 141.6045 | I70: 130.07309
B71: Lithuania | C71: =C43/C18*1000 -> 201.94321 | D71: 189.07098 | E71: 154.40402 | F71: 203.66981 | G71: 173.26719 | H71: 240.95706 | I71: 255.12683
B72: India | C72: - | D72: - | E72: 93.541218 | F72: 70.301433 | G72: 57.851797 | H72: 83.775807 | I72: 104.81195
B74: Renewable energy share scope 1 and 2 (%) 1 | C74: 2025 | D74: 2024 | E74: 2023 | F74: 2022 | G74: 2021 | H74: 2020 | I74: 2019
B75: Total | C75: 50 | D75: 47 | E75: 53 | F75: 51 | G75: 46 | H75: 53 | I75: 52
B76: 1 2019-2023 data is verified by a third party

Sheet Electricity consumption
B4: Environment: Electricity consumption
B6: Electricity consumption of the Danske Bank Group – all data is reported from Q4-Q3 and covers our main operations in Denmark, Finland, Sweden, Norway, Northern Ireland, Ireland, Lithuania and India supplemented by estimated consumption from the Danske Bank Group’s remaining operations over which Danske Bank has operational control and where registered data is not available.
B8: The Danske Bank Group sold its operations in India in 2023. Therefore, no data is available for India from 2024 and onwards.
B10: Electricity consumption - total (MWh) 1 | C10: 2025 | D10: 2024 | E10: 2023 | F10: 2022 | G10: 2021 | H10: 2020 | I10: 2019
B11: Total | C11: =SUM(C12:C20) -> 31612.385 | D11: 37510.821 | E11: 37035.584 | F11: 41748.469 | G11: 43017.978 | H11: 52891.272 | I11: 56451.256
B12: Denmark | C12: 15481.262 | D12: 20366.79 | E12: 20546.271 | F12: 21674.581 | G12: 23221.304 | H12: 27242.613 | I12: 30710.705
B13: Finland | C13: 2880.6077 | D13: 3387.1462 | E13: 2994.4196 | F13: 3205.1948 | G13: 3863.0896 | H13: 5248.5315 | I13: 5459.0115
B14: Sweden | C14: 1701.7167 | D14: 1931.3498 | E14: 2116.1714 | F14: 1929.6285 | G14: 2129.7093 | H14: 2447.762 | I14: 3056.3024
B15: Norway | C15: 1818.2027 | D15: 2010.0897 | E15: 2216.8507 | F15: 3140.5537 | G15: 3353.9203 | H15: 4234.2695 | I15: 4515.0436
B16: Northern Ireland | C16: 2648.606 | D16: 2889.633 | E16: 2743.82 | F16: 2764.12 | G16: 2666.32 | H16: 3144.686 | I16: 3697.822
B17: Ireland | C17: 66.1477 | D17: 77.405 | E17: 82.482 | F17: 118.494 | G17: 148.862 | H17: 148.235 | I17: 136.141
B18: Lithuania | C18: 6167.732 | D18: 5823.384 | E18: 4828.807 | F18: 7576.8973 | G18: 6776.7726 | H18: 9182.696 | I18: 7321.765
B19: India | C19: - | D19: - | E19: 1506.7619 | F19: 1339 | G19: 858 | H19: 1242.479 | I19: 1554.4661
B20: Estimated countries | C20: 848.10924 | D20: 1025.0236 | E20: - | F20: - | G20: - | H20: - | I20: -
B21: 1 From 2024, due to changes in our internal reporting system, estimated countries consumption data is now in a different format, separate from country totals. This change is visible only from 2024, leaving previous years’ data empty.
B23: Electricity consumption per employee (MWh/FTE) 1 | C23: 2025 | D23: 2024 | E23: 2023 | F23: 2022 | G23: 2021 | H23: 2020 | I23: 2019
B24: Total | C24: 1.5731163 | D24: 1.8696844 | E24: 1.7813544 | F24: 1.9513559 | G24: 1.97 | H24: 2.407108 | I24: 2.718335
B25: Denmark | C25: 1.5467542 | D25: 2.074151 | E25: 2.1011045 | F25: 2.0805769 | G25: 2.1496406 | H25: 2.4721433 | I25: 2.8888871
B26: Finland | C26: 1.8041454 | D26: 2.2143567 | E26: 1.941059 | F26: 1.9980618 | G26: 2.2430481 | H26: 2.8903327 | I26: 2.9067145
B27: Sweden | C27: 1.1903982 | D27: 1.3411621 | E27: 1.4640064 | F27: 1.339037 | G27: 1.4609565 | H27: 1.6331788 | I27: 2.1059378
B28: Norway | C28: 2.8605863 | D28: 2.1694294 | E28: 2.1238237 | F28: 2.9125041 | G28: 2.9806001 | H28: 3.6772529 | I28: 4.0817047
B29: Northern Ireland | C29: 1.9799592 | D29: 2.1431572 | E29: 1.9891881 | F29: 2.0340034 | G29: 1.8846581 | H29: 2.2129016 | I29: 2.5926305
B30: Ireland | C30: 1.5157585 | D30: 1.7182541 | E30: 1.8330561 | F30: 2.5311985 | G30: 3.2361304 | H30: 3.0038984 | I30: 2.4394795
B31: Lithuania | C31: 1.3693159 | D31: 1.3218492 | E31: 1.159254 | F31: 1.8596162 | G31: 1.7467034 | H31: 2.4504549 | I31: 2.3147983
B32: India | C32: - | D32: - | E32: 1.0838883 | F32: 0.97502814 | G32: 0.60969977 | H32: 0.97893225 | I32: 1.4726092
B33: 1 From 2024, the total electricity consumption per employee (MWh/FTE) is calculated by dividing the total electricity consumption by the total number of FTEs, including those in estimated countries.
B35: Electricity consumption per m2 (kWh/m2) | C35: 2025 | D35: 2024 | E35: 2023 | F35: 2022 | G35: 2021 | H35: 2020 | I35: 2019
B36: Total | C36: 79.557363 | D36: 81 | E36: 82.125233 | F36: 90.104843 | G36: 84.420762 | H36: 100.15208 | I36: 104.57562
B37: Denmark | C37: 64.074811 | D37: 67.544598 | E37: 77.774264 | F37: 85.052597 | G37: 81.026096 | H37: 92.69309 | I37: 100.3483
B38: Finland | C38: 67.6053 | D38: 72.799583 | E38: 61.625078 | F38: 62.717831 | G38: 73.943592 | H38: 82.873259 | I38: 77.775276
B39: Sweden | C39: 59.500582 | D39: 63.142831 | E39: 62.392646 | F39: 56.545898 | G39: 57.216156 | H39: 64.739257 | I39: 73.969308
B40: Norway | C40: 89.730983 | D40: 90.102186 | E40: 93.773507 | F40: 117.10102 | G40: 108.54615 | H40: 118.34353 | I40: 133.00024
B41: Northern Ireland | C41: 107.60276 | D41: 122.07997 | E41: 114.62117 | F41: 105.4982 | G41: 99.456359 | H41: 113.37975 | I41: 123.83433
B42: Ireland | C42: 93.165775 | D42: 73.930277 | E42: 78.787812 | F42: 113.17479 | G42: 142.17956 | H42: 141.6045 | I42: 130.07309
B43: Lithuania | C43: 158.37292 | D43: 147.25968 | E43: 122.10917 | F43: 151.08051 | G43: 113.42569 | H43: 171.0841 | I43: 171.96402
B44: India | C44: - | D44: - | E44: 93.541218 | F44: 70.301433 | G44: 57.851797 | H44: 83.775807 | I44: 104.81195

Sheet Heat consumption
B4: Environment: Heat consumption
B6: Heat consumption of the Danske Bank Group – all data is reported from Q4-Q3 and covers our main operations in Denmark, Finland, Sweden, Norway, Northern Ireland, Ireland, Lithuania and India supplemented by estimated consumption from the Danske Bank Group’s remaining operations over which Danske Bank has operational control and where registered data is not available.
B8: The Danske Bank Group sold its operations in India in 2023. Therefore, no data is available for India from 2024 and onwards.
B10: Heat consumption — total (MWh) 1,2,3 | C10: 2025 | D10: 2024 | E10: 2023 | F10: 2022 | G10: 2021 | H10: 2020 | I10: 2019
B11: Total | C11: =SUM(C12:C20) -> 31185.152 | D11: =SUM(D12:D20) -> 42169.44 | E11: 32977.514 | F11: 40708.194 | G11: 50877.512 | H11: 46678.543 | I11: 51164.138
B12: Denmark | C12: =20469.7959282472+28.93507822 -> 20498.731 | D12: 29507.678 | E12: 23348.808 | F12: 28545.801 | G12: 36882.27 | H12: 32199.395 | I12: 33363.887
B13: Finland | C13: 3255.1277 | D13: 3830.4215 | E13: 3733.5856 | F13: 4160.5061 | G13: 3774.5719 | H13: 4176.8229 | I13: 6227.5544
B14: Sweden | C14: 2391.323 | D14: 3018.2917 | E14: 1855.8727 | F14: 2114.3803 | G14: 2475.4631 | H14: 2403.6739 | I14: 3965.0094
B15: Norway | C15: 1516.3725 | D15: 1755.9347 | E15: 1904.7939 | F15: 2223.4685 | G15: 2031.4008 | H15: 1572.42 | I15: 1930.6775
B16: Northern Ireland | C16: 1009.98 | D16: 993.103 | E16: 857.354 | F16: 1026.612 | G16: 2089.87 | H16: 2575.9 | I16: 2136.161
B17: Ireland | C17: - | D17: - | E17: - | F17: - | G17: - | H17: - | I17: -
B18: Lithuania | C18: 1696.817 | D18: 1653.428 | E18: 1277.1 | F18: 2637.4259 | G18: 3623.9369 | H18: 3750.3319 | I18: 3540.8484
B19: India | C19: - | D19: - | E19: - | F19: - | G19: - | H19: - | I19: -
B20: Estimated countries | C20: =750.74571007576+66.0549442209604 -> 816.80065 | D20: 1410.5822 | E20: - | F20: - | G20: - | H20: - | I20: -
B21: 1 From 2019, the Swedish heat consumption also included district cooling. The increase in heat consumption (MWh) in Sweden is mainly due to developments in some key offices in the country.
B22: 2 From 2024, due to changes in our internal reporting system, estimated country consumption data is now in a different format, separate from country totals. This change is visible only from 2024, leaving previous years’ data empty.
B23: 3 Heating consumption (MWh) also includes district cooling.
B25: Heat consumption per employee (MWh/FTE) 1,2 | C25: 2025 | D25: 2024 | E25: 2023 | F25: 2022 | G25: 2021 | H25: 2020 | I25: 2019
B26: Total | C26: 1.5518561 | D26: 2.1019124 | E26: 1.5861675 | F26: 1.9027326 | G26: 2.3278184 | H26: 2.1243636 | I26: 2.4637409
B27: Denmark | C27: 2.0480563 | D27: 3.0050577 | E27: 2.3876978 | F27: 2.740156 | G27: 3.4141339 | H27: 2.9219488 | I27: 3.138466
B28: Finland | C28: 2.0387099 | D28: 2.5041492 | E28: 2.4202053 | F28: 2.5935861 | G28: 2.1917291 | H28: 2.3001496 | I28: 3.3159341
B29: Sweden | C29: 1.672797 | D29: 2.095953 | E29: 1.283927 | F29: 1.4672427 | G29: 1.6980304 | H29: 1.6037627 | I29: 2.7320802
B30: Norway | C30: 2.3857154 | D30: 1.8951275 | E30: 1.824862 | F30: 2.0620126 | G30: 1.8051533 | H30: 1.3655687 | I30: 1.7453775
B31: Northern Ireland | C31: 0.75500819 | D31: 0.73655576 | E31: 0.62155621 | F31: 0.755442 | G31: 1.4772431 | H31: 1.8126494 | I31: 1.497713
B32: Ireland | C32: - | D32: - | E32: - | F32: - | G32: - | H32: - | I32: -
B33: Lithuania | C33: 0.37671522 | D33: 0.3753114 | E33: 0.30659401 | F33: 0.64730982 | G33: 0.93 | H33: 1.0007975 | I33: 1.11945
B34: India | C34: - | D34: - | E34: - | F34: - | G34: - | H34: - | I34: -
B35: 1 From 2019, the Swedish heat consumption also included district cooling.
B36: 2 From 2024, the total heat consumption per employee (MWh/FTE) is calculated by dividing the total heat consumption by the total number of FTEs, including those in estimated countries.
B38: Heat consumption per m2 (kWh/m2) 1 | C38: 2025 | D38: 2024 | E38: 2023 | F38: 2022 | G38: 2021 | H38: 2020 | I38: 2019
B39: Total | C39: 78.482167 | D39: 90.644861 | E39: 73.126593 | F39: 87.859639 | G39: 100.30231 | H39: 88.387994 | I39: 94.78
B40: Denmark | C40: 84.841422 | D40: 97.859518 | E40: 88.38277 | F40: 112.01575 | G40: 129.21212 | H40: 109.55856 | I40: 109.01767
B41: Finland | C41: 76.39495 | D41: 82.326853 | E41: 76.837095 | F41: 81.410941 | G41: 72.139443 | H41: 65.951195 | I41: 88.724812
B42: Sweden | C42: 83.612691 | D42: 98.678907 | E42: 54.718069 | F42: 61.959871 | G42: 66.575791 | H42: 63.5732 | I42: 95.962037
B43: Norway | C43: 74.835213 | D43: 78.709698 | E43: 80.573405 | F43: 82.905899 | G43: 65.403243 | H43: 43.947542 | I43: 56.872224
B44: Northern Ireland | C44: 41.031634 | D44: 41.956189 | E44: 35.815368 | F44: 39.182713 | G44: 77.788464 | H44: 92.872515 | I44: 71.536725
B45: Ireland | C45: - | D45: - | E45: - | F45: - | G45: - | H45: - | I45: -
B46: Lithuania | C46: 43.570288 | D46: 41.811304 | E46: 32.294854 | F46: 52.589292 | G46: 64.865751 | H46: 69.872962 | I46: 83.162808
B47: India | C47: - | D47: - | E47: - | F47: - | G47: - | H47: - | I47: -
B48: 1 From 2019, the Swedish heat consumption also included district cooling.

Sheet Road transport
B4: Environment: Road transport
B6: Road transportation of the Danske Bank Group – all data is reported from Q4-Q3 and covers our main operations in Denmark, Finland, Sweden, Norway, Northern Ireland, Ireland, Lithuania and India.
B8: The Danske Bank Group sold its operations in India in 2023. Therefore, no data is available for India from 2024 and onwards.
B10: Business travel by road - total (1,000 km) 1,2 | C10: 2025 | D10: 2024 | E10: 2023 | F10: 2022 | G10: 2021 | H10: 2020 | I10: 2019
B11: Total | C11: =SUM(C12:C19) -> 9540.2696 | D11: 10763.995 | E11: 12943.524 | F11: 12671.154 | G11: 10852 | H11: 16458 | I11: 21726
B12: Denmark | C12: 7173.9263 | D12: =8608415.13627703/1000 -> 8608.4151 | E12: 9682.362 | F12: 10255 | G12: 9247 | H12: 12568 | I12: 15348
B13: Finland | C13: 788.563 | D13: 707.74 | E13: 620.501 | F13: 520.861 | G13: 402.936 | H13: 810.842 | I13: 1281.542
B14: Sweden | C14: 795.951 | D14: 692.85 | E14: 558.323 | F14: 477.883 | G14: 471.753 | H14: 871.627 | I14: 1400.58
B15: Norway | C15: 145.109 | D15: 138.261 | E15: 115.9882 | F15: 80.1425 | G15: 48.5502 | H15: 169.1598 | I15: 401.6385
B16: Northern Ireland | C16: 584.4788 | D16: 567.592 | E16: 498.0304 | F16: 410.2096 | G16: 177.1552 | H16: 650.2154 | I16: 960.68
B17: Ireland | D17: - | E17: - | F17: - | G17: - | H17: 12.28 | I17: -
B18: Lithuania | C18: 52.241471 | D18: 67.809375 | E18: 82.842 | F18: 138.83037 | G18: 172.4913 | H18: 308.594 | I18: 479.427
B19: India | D19: - | E19: 1385.477 | F19: 787.807 | G19: 332.902 | H19: 1068.099 | I19: 1853.91
B20: 1 From 2024, the total (1,000 km) includes manually estimated kilometres from converting litres consumed during business travel. This was done to ensure consistency and comparability with last year’s numbers because more litre data was available and used to estimate CO2e emissions.
B21: 2 From 2019, the Indian road transporation also included vehicles available for employees commuting and where fuel and services are paid by Danske Bank.
B23: Business travel by road per employee (km/FTE) 1 | C23: 2025 | D23: 2024 | E23: 2023 | F23: 2022 | G23: 2021 | H23: 2020 | I23: 2019
B24: Total | C24: 953.18142 | D24: 552 | E24: 633.23564 | F24: 592.05721 | G24: 496.53508 | H24: 749.03164 | I24: 1046.1821
B25: Denmark | C25: 4493.0817 | D25: 877 | E25: 990.13852 | F25: 984.43387 | G25: 855.94652 | H25: 1140.4545 | I25: 1443.7642
B26: Finland | C26: 551.62177 | D26: 463 | E26: 402.22455 | F26: 324.23836 | G26: 233.95907 | H26: 446.52549 | I26: 682.37202
B27: Sweden | C27: 1252.2732 | D27: 481 | E27: 386.25816 | F27: 331.9255 | G27: 323.61722 | H27: 581.56095 | I27: 965.06627
B28: Norway | C28: 108.47589 | D28: 149 | E28: 111.12092 | F28: 70.314221 | G28: 43.146145 | H28: 146.90689 | I28: 363.09057
B29: Northern Ireland | C29: 13393.19 | D29: 421 | E29: 361.05726 | F29: 301.66071 | G29: 125.22014 | H29: 457.55369 | I29: 673.55549
B30: Ireland | C30: - | D30: - | E30: - | F30: - | G30: - | H30: 248.84725 | I30: -
B31: Lithuania | C31: 11.598279 | D31: 15 | E31: 19.887919 | F31: 34.121116 | G31: 44.459385 | H31: 82.350073 | I31: 151.5723
B32: India | C32: - | D32: - | E32: 996.64204 | F32: 573.66243 | G32: 236.56209 | H32: 841.54063 | I32: 1756.2846
B33: 1 From 2019, the Indian road transporation also included vehicles available for employees commuting and where fuel and services are paid by Danske Bank.
B35: Company vehicles (1,000 km) 1 | C35: 2025 | D35: 2024 | E35: 2023 | F35: 2022 | G35: 2021 | H35: 2020 | I35: 2019
B36: Total | C36: =C37 -> 37.939686 | D36: 65 | E36: 59.94 | F36: 53.104 | G36: 36.152 | H36: 41.7565 | I36: 28.906
B37: Denmark | C37: 37.939686 | D37: =64932.8072374333/1000 -> 64.932807 | E37: 59.94 | F37: 53.104 | G37: 36.152 | H37: 41.7565 | I37: 28.906
B38: Finland | D38: - | E38: - | F38: - | G38: - | H38: - | I38: -
B39: Sweden | D39: - | E39: - | F39: - | G39: - | H39: - | I39: -
B40: Norway | D40: - | E40: - | F40: - | G40: - | H40: - | I40: -
B41: Northern Ireland | D41: - | E41: - | F41: - | G41: - | H41: - | I41: -
B42: Ireland | D42: - | E42: - | F42: - | G42: - | H42: - | I42: -
B43: Lithuania | D43: - | E43: - | F43: - | G43: - | H43: - | I43: -
B44: India | D44: - | E44: - | F44: - | G44: - | H44: - | I44: -
B45: 1 From 2024, the total (1,000 km) includes manually estimated kilometres from converting litres consumed during business travel. This was done to ensure consistency and comparability with last year’s numbers because more litre data was available and used to estimate CO2e emissions.
B47: Employees’ cars (1,000km) 1,2 | C47: 2025 | D47: 2024 | E47: 2023 | F47: 2022 | G47: 2021 | H47: 2020 | I47: 2019
B48: Total | C48: 9502.3299 | D48: 10717.735 | E48: 12883.584 | F48: 12613.72 | G48: 10816.271 | H48: 16416.681 | I48: 21697.001
B49: Denmark | C49: 7135.9866 | D49: 8543.4823 | E49: 9622.422 | F49: 10202.317 | G49: 9210.483 | H49: 12525.864 | I49: 15319.224
B50: Finland | C50: 788.563 | D50: 707.74 | E50: 620.501 | F50: 520.861 | G50: 402.936 | H50: 810.842 | I50: 1281.542
B51: Sweden | C51: 795.951 | D51: 692.85 | E51: 558.323 | F51: 477.883 | G51: 471.753 | H51: 871.627 | I51: 1400.58
B52: Norway | C52: 145.109 | D52: 138.261 | E52: 115.9882 | F52: 80.1425 | G52: 48.5502 | H52: 169.1598 | I52: 401.6385
B53: Northern Ireland | C53: 584.4788 | D53: 567.592 | E53: 498.0304 | F53: 410.2096 | G53: 177.1552 | H53: 650.2154 | I53: 960.68
B54: Ireland | C54: - | D54: - | E54: - | F54: - | G54: - | H54: 12.28 | I54: -
B55: Lithuania | C55: 52.241471 | D55: 67.809375 | E55: 82.842 | F55: 138.83037 | G55: 172.4913 | H55: 308.594 | I55: 479.427
B56: India | C56: - | D56: - | E56: 1385.477 | F56: 787.807 | G56: 332.902 | H56: 1068.099 | I56: 1853.91
B57: 1 From 2024, the total (1,000 km) includes manually estimated kilometres from converting litres consumed during business travel. This was done to ensure consistency and comparability with last year’s numbers because more litre data was available and used to estimate CO2e emissions.
B58: 2 From 2019, the Indian road transporation also included vehicles available for employees commuting and where fuel and services are paid by Danske Bank.

Sheet Air transport
B4: Environment: Air transport
B6: Air transportation of the Danske Bank Group – covering our main operations in Denmark, Finland, Sweden, Norway, Northern Ireland, Ireland, Lithuania and India.
B8: The Danske Bank Group sold its operations in India in 2023. Therefore, no data is available for India from 2024 and onwards.
B10: Business travel by air - total (1,000 km) 1,2 | C10: 2025 | D10: 2024 | E10: 2023 | F10: 2022 | G10: 2021 | H10: 2020 | I10: 2019
B11: Total | C11: 18850.089 | D11: 22307 | E11: 24588 | F11: 15054 | G11: 1631 | H11: 20450 | I11: 78774
B12: Denmark | C12: 9782.3629 | D12: 11042.68 | E12: 13033.506 | F12: 6731.416 | G12: 951.91534 | H12: 13374.982 | I12: 43132.716
B13: Finland | C13: 2059.8275 | D13: 2481.0283 | E13: 2353.7682 | F13: 1375.4942 | G13: 143.49465 | H13: 1783.5388 | I13: 7760.9275
B14: Sweden | C14: 1622.3601 | D14: 1692.9559 | E14: 2000.9358 | F14: 1209.7953 | G14: 54.795041 | H14: 1669.2069 | I14: 5963.2386
B15: Norway | C15: 1910.9373 | D15: 2592.2486 | E15: 2488.2879 | F15: 2650.0927 | G15: 95.741291 | H15: 2905.3179 | I15: 10873.764
B16: Northern Ireland | C16: 499.79146 | D16: 989.91598 | E16: 807.34543 | F16: 502.23194 | G16: 63.570102 | H16: 684.95367 | I16: 2130.0162
B17: Ireland | C17: 99.448849 | D17: 51.431029 | E17: 54.013914 | F17: 28.790923 | G17: 6.0109964 | H17: 31.561006 | I17: 128.84781
B18: Lithuania | C18: 2875.3605 | D18: 3456.9234 | E18: 3849.6693 | F18: 2555.8366 | G18: 315.28628 | H18: 0.80900114 | I18: 8784.7571
B19: India | C19: - | D19: - | E19: - | F19: - | G19: - | H19: - | I19: -
B20: 1 Following the restatement of air travel CO2e emissions, we also revised the data on air travel kilometres.
B21: 2 Kilometres for Q4 2018 are estimated using available air travel data from Q1, Q2, and Q3 2019, assuming similar travel patterns.
B23: Business travel by air per employee (km/FTE) | C23: 2025 | D23: 2024 | E23: 2023 | F23: 2022 | G23: 2021 | H23: 2020 | I23: 2019
B24: Total | C24: 938.03053 | D24: 1112 | E24: 1203 | F24: 704 | G24: 75 | H24: 931 | I24: 3793
B25: Denmark | C25: 977.36929 | D25: 1125 | E25: 1333 | F25: 646 | G25: 88 | H25: 1214 | I25: 4057
B26: Finland | C26: 1290.0848 | D26: 1622 | E26: 1526 | F26: 857 | G26: 83 | H26: 982 | I26: 4132
B27: Sweden | C27: 1134.8861 | D27: 1176 | E27: 1384 | F27: 840 | G27: 38 | H27: 1114 | I27: 4109
B28: Norway | C28: 3006.4859 | D28: 2798 | E28: 2384 | F28: 2458 | G28: 85 | H28: 2523 | I28: 9830
B29: Northern Ireland | C29: 373.61794 | D29: 734 | E29: 585 | F29: 370 | G29: 45 | H29: 482 | I29: 1493
B30: Ireland | C30: 2278.8462 | D30: 1142 | E30: 1200 | F30: 615 | G30: 131 | H30: 640 | I30: 2309
B31: Lithuania | C31: 638.36705 | D31: 785 | E31: 924 | F31: 627 | G31: 81 | H31: 0 | I31: 2777
B32: India | C32: - | D32: - | E32: - | F32: - | G32: - | H32: - | I32: -

Sheet Paper consumption
B4: Environment: Paper consumption
B6: Paper consumption data is based on the most reliable consumption data available from the Group’s main operations in Denmark, Finland, Ireland, Northern Ireland, Norway, Sweden Lithuania and India.
B8: The Danske Bank Group sold its operations in India in 2023. Therefore, no data is available for India from 2024 and onwards.
B10: Paper consumption - total (tonnes) | C10: 2025 | D10: 2024 | E10: 2023 | F10: 2022 | G10: 2021 | H10: 2020 | I10: 2019
B11: Total | C11: 199.79391 | D11: 198.92433 | E11: 201.5213 | F11: 200.87043 | G11: 199.17278 | H11: 295.76669 | I11: 394.98749
B12: Denmark | C12: 103.48141 | D12: 86.464524 | E12: 96.242213 | F12: 123.96773 | G12: 116.76291 | H12: 186.24472 | I12: 237.80805
B13: Finland | C13: 13.611119 | D13: 21.07169 | E13: 19.106149 | F13: 12.141609 | G13: 6.831636 | H13: 12.823319 | I13: 19.325983
B14: Sweden | C14: 44.888849 | D14: 43.044527 | E14: 44.506264 | F14: 12.527429 | G14: 6.141658 | H14: 11.537587 | I14: 22.432875
B15: Norway | C15: 3.634036 | D15: 8.5320435 | E15: 7.969703 | F15: 6.5440595 | G15: 5.014049 | H15: 4.90024 | I15: 9.0285895
B16: Northern Ireland | C16: 30.907556 | D16: 35.129268 | E16: 31.681626 | F16: 42.695188 | G16: 57.17338 | H16: 67.395106 | I16: 88.864865
B17: Ireland | C17: 0.602956 | D17: 0.530095 | E17: 0.9488 | F17: 0.70513 | G17: 1.153055 | H17: 2.064745 | I17: 0.29718
B18: Lithuania | C18: 2.6679862 | D18: 4.15218 | E18: 0.474733 | F18: 1.97704 | G18: 5.788716 | H18: 9.980865 | I18: 15.917955
B19: India | C19: - | D19: - | E19: 0.59181 | F19: 0.31224 | G19: 0.30737 | H19: 0.82011 | I19: 1.312
B21: Paper consumption per employee (kg/FTE) | C21: 2025 | D21: 2024 | E21: 2023 | F21: 2022 | G21: 2021 | H21: 2020 | I21: 2019
B22: Total | C22: 9.9422764 | D22: 10.2 | E22: 9.6928632 | F22: 9.3935462 | G22: 9.1132014 | H22: 13.460489 | I22: 19.020097
B23: Denmark | C23: 10.33897 | D23: 8.8 | E23: 9.8419293 | F23: 11.912113 | G23: 10.808966 | H23: 16.900862 | I23: 22.37007
B24: Finland | C24: 8.5247419 | D24: 13.8 | E24: 12.385092 | F24: 7.5744348 | G24: 3.9666924 | H24: 7.0617197 | I24: 10.290346
B25: Sweden | C25: 31.401 | D25: 29.9 | E25: 30.790255 | F25: 8.6811636 | G25: 4.2131079 | H25: 7.6980292 | I25: 15.457318
B26: Norway | C26: 5.7174446 | D26: 9.2 | E26: 7.6352658 | F26: 6.0773618 | G26: 4.4559422 | H26: 4.2556152 | I26: 8.1620554
B27: Northern Ireland | C27: 23.104871 | D27: 26.054362 | E27: 22.968239 | F27: 31.41309 | G27: 40.412356 | H27: 47.425637 | I27: 62.305261
B28: Ireland | C28: 13.81659 | D28: 11.8 | E28: 30.790255 | F28: 15.003713 | G28: 25.066413 | H28: 41.840889 | I28: 5.3251005
B29: Lithuania | C29: 0.5923273 | D29: 0.9 | E29: 0.11396938 | F29: 0.48724205 | G29: 1.4920332 | H29: 2.6634509 | I29: 5.0325099
B30: India | C30: - | D30: - | E30: 0.42571816 | F30: 0.22776626 | G30: 0.2184189 | H30: 0.64615348 | I30: 1.2429112

Sheet Carbon neutralisation
B4: Environment: Carbon neutralisation
B6: CO2e emissions of the Danske Bank Group.
B8: The Danske Bank Group sold its operations in India in 2023. Therefore, no data is available for India from 2024 onwards.
B10: Total registered CO2e emissions 1 | C10: 2025 | D10: 2024 | E10: 2023 | F10: 2022 | G10: 2021 | H10: 2020 | I10: 2019
B11: Total | C11: 6621.7694 | D11: 9326.887 | E11: 9871.3928 | F11: 7974.5062 | G11: 5837.065 | H11: 11153.357 | I11: 22345.61
B12: Denmark | C12: 3747.6451 | D12: 5305.9156 | E12: 5662.8262 | F12: 4753.1207 | G12: 3894.824 | H12: 7104.5076 | I12: 12924.829
B13: Finland | C13: 674.99741 | D13: 923.96966 | E13: 964.4426 | F13: 748.26286 | G13: 509.04239 | H13: 1056.8416 | I13: 2434.1678
B14: Sweden | C14: 630.78113 | D14: 782.1479 | E14: 784.83837 | F14: 513.24523 | G14: 307.80415 | H14: 802.04761 | I14: 1654.865
B15: Norway | C15: 427.80971 | D15: 699.56924 | E15: 672.69215 | F15: 645.87413 | G15: 56.659639 | H15: 735.08762 | I15: 2035.5387
B16: Northern Ireland | C16: 420.04091 | D16: 540.23717 | E16: 460.92966 | F16: 430.24021 | G16: 597.58506 | H16: 875.21645 | I16: 1022.5731
B17: Ireland | C17: 17.316651 | D17: 13.309906 | E17: 12.498313 | F17: 5.8402865 | G17: 2.0405706 | H17: 9.8685186 | I17: 18.595037
B18: Lithuania | C18: 527.10674 | D18: 804.79786 | E18: 857.02994 | F18: 633.04799 | G18: 352.38032 | H18: 270.71081 | I18: 1402.0391
B19: India | C19: - | D19: - | E19: 235.82885 | F19: 134.59241 | G19: 58.310928 | H19: 183.82618 | I19: 329.57738
B20: Estimated CO2e | C20: 176.07174 | D20: 256.93966 | E20: 220.4283 | F20: 110.64312 | G20: 58.417968 | H20: 115.52294 | I20: 523.42446
B21: 1 Total has changed since 2019 due to restatements – see Breakdown of baseline changes.
B23: Neutralised by carbon credits from projects (tonnes) 1,2,3 | C23: 2025 | D23: 2024 | E23: 2023 | F23: 2022 | G23: 2021 | H23: 2020 | I23: 2019
B24: Total | C24: 6345.6037 | D24: 10875.787 | E24: 9292.2782 | F24: 6979.1636 | G24: 4733.3544 | H24: 7870.7537 | I24: 15229.998
B25: Denmark | C25: 3608.4523 | D25: 6033.0659 | E25: 5067.0968 | F25: 3162.633 | G25: 2759.4732 | H25: 4557.3737 | I25: 8041.3383
B26: Finland | C26: 656.68909 | D26: 973.91192 | E26: 828.70451 | F26: 563.25667 | G26: 484.3117 | H26: 948.15904 | I26: 2051.8522
B27: Sweden | C27: 570.40114 | D27: 829.69772 | E27: 652.79065 | F27: 434.12586 | G27: 333.81138 | H27: 578.35925 | I27: 1203.5557
B28: Norway | C28: 422.92157 | D28: 728.18447 | E28: 461.29292 | F28: 406.68191 | G28: 92.485803 | H28: 424.11322 | I28: 1261.5987
B29: Northern Ireland | C29: 378.46716 | D29: 993.36503 | E29: 912.9146 | F29: 1000.8713 | G29: 607.40946 | H29: 819.71335 | I29: 893.39137
B30: Ireland | C30: 16.505615 | D30: 28.447428 | E30: 27.511451 | F30: 27.230729 | G30: 1.8990777 | H30: 6.8833936 | I30: 10.122578
B31: Lithuania | C31: 523.51803 | D31: 1000.9157 | E31: 786.43389 | F31: 773.98375 | G31: 348.27125 | H31: 270.79677 | I31: 1076.9771
B32: India | C32: - | D32: - | E32: 345.42575 | F32: 511.23521 | G32: 58.310928 | H32: 183.82618 | I32: 329.57738
B33: Estimated CO2e | C33: 168.64888 | D33: 288.19876 | E33: 210.10766 | F33: 99.145064 | G33: 47 | H33: 81.532826 | I33: 361.58436
B34: 1 2019-2023 data is verified by a third party
B35: 2 We neutralise emissions by supporting certified carbon credit projects. See table below.
B36: 3 Offsetting is done on an annual basis for emissions for the current year at the time of reporting. Therefore, if emissions are restated, the neutralised tonnes differ from the Total registered CO2e emissions (see Breakdown of baseline changes). In 2025, offsetting was applied to prioritised categories of operational emissions and not to the total registered CO2e emissions.
B38: Carbon offset projects purchased from 2009-2025 1,2,5
B39: Project name | C39: Host country | D39: Project type | E39: Volume (tCO2e) | F39: Certification standard | G39: Year of purchase | H39: Link to registry | I39: Link to supplier description
B40: 100.5 MW Wind power project in Madhya Pradesh, India | C40: India | D40: Wind | E40: 20000 | F40: Gold Standard | G40: 2019 | H40: https://registry.goldstandard.org/projects/details/686
B41: 300 MW Wind energy project by Green Infra Wind Energy Limited | C41: India | D41: Wind | E41: 30000 | F41: Gold Standard | G41: 2020 | H41: https://registry.goldstandard.org/credit-blocks/details/148210
B42: Reforestation project in Colombia | C42: Colombia | D42: Reforestation | E42: 2341 | F42: VCS and CCBS 3 | G42: 2021 | H42: https://registry.verra.org/app/projectDetail/VCS/1769 | I42: https://www.southpole.com/projects/restoration-of-degraded-lands-in-jaguar-corridors-colombia
B43: Reforestation project in Mexico | C43: Mexico | D43: Reforestation | E43: 6700 | F43: Verified Carbon Standard | G43: 2022 | H43: https://registry.verra.org/app/projectDetail/VCS/1740 | I43: https://www.southpole.com/projects/forest-restoration-with-teak
B44: Linshu biogas recovery and power generation project | C44: China | D44: Renewable energy | E44: 279 | F44: Verified Carbon Standard | G44: 2022 | H44: https://registry.verra.org/app/projectDetail/VCS/2402 | I44: https://www.southpole.com/en/projects/linshu-wastewater-to-energy
B45: European biochar | C45: France | D45: Biochar | E45: 279 | F45: Awaiting ICROA certification 4 | G45: 2022 | I45: https://platform.carbonfuture.earth/balancer/portfolios/view/main/79afec0d-a3a7-41f1-8902-ddd432364170
B46: Reforestation project in Mexico | C46: Mexico | D46: Reforestation | E46: 8947 | F46: Verified Carbon Standard | G46: 2023 | H46: https://registry.verra.org/app/search/VCS?programType=ISSUANCE&exactResId=1740 | I46: https://www.southpole.com/projects/forest-restoration-with-teak
B47: Linshu biogas recovery and power generation project | C47: China | D47: Renewable energy | E47: 345 | F47: Verified Carbon Standard | G47: 2023 | H47: https://registry.verra.org/app/search/VCS?programType=ISSUANCE&exactResId=2402 | I47: https://www.southpole.com/en/projects/linshu-wastewater-to-energy
B48: European biochar - Agriculture | C48: Austria | D48: Biochar | E48: 300 | F48: Awaiting ICROA certification 4 | G48: 2023 | H48: https://platform.carbonfuture.earth/balancer/climate-credit/view/6f7bac09-4d8c-4920-bd48-36f337b56b4b | I48: https://platform.carbonfuture.earth/balancer/portfolios/view/318ac738-6f80-4b2e-a4bd-2f7967a0e35e
B49: European biochar - Vineyards | C49: France | D49: Biochar | E49: 45 | F49: Awaiting ICROA certification 4 | G49: 2023 | H49: https://platform.carbonfuture.earth/balancer/climate-credit/view/6ffaa4ea-a627-41d5-9c8f-b5f9960cecd3 | I49: https://platform.carbonfuture.earth/balancer/portfolios/view/79afec0d-a3a7-41f1-8902-ddd432364170
B50: Reforestation project in Mexico | C50: Mexico | D50: Reforestation | E50: 10478 | F50: Verified Carbon Standard | G50: 2024 | H50: Verra Search Page | I50: https://www.southpole.com/projects/forest-restoration-with-teak
B51: Linshu biogas recovery and power generation project | C51: China | D51: Renewable energy | E51: 398 | F51: Verified Carbon Standard | G51: 2024 | H51: Verra Search Page | I51: https://www.southpole.com/en/projects/linshu-wastewater-to-energy
B52: European biochar - Agricultural application | C52: Sweden, Germany, Switzerland, Austria, Italy | D52: Biochar | E52: 200 | F52: EBC C-Sink, awaiting ICROA endorsement 4 | G52: 2024 | H52: Carbonfuture | I52: https://platform.carbonfuture.earth/balancer/portfolios/view/ab2c02c7-b298-47aa-92fc-66fa0c919859
B53: European biochar - Novocarbo | C53: Sweden, Germany, Portugal | D53: Biochar | E53: 100 | F53: EBC C-Sink, awaiting ICROA endorsement 4 | G53: 2024 | H53: Carbonfuture | I53: https://platform.carbonfuture.earth/balancer/portfolios/view/71145495-c12b-4bec-9b58-4af0fc984f5a
B54: European biochar - Bara mineraler | C54: Sweden | D54: Biochar | E54: 98 | F54: EBC C-Sink, awaiting ICROA endorsement 4 | G54: 2024 | H54: Carbonfuture | I54: https://platform.carbonfuture.earth/balancer/portfolios/view/739f9eb2-7253-44a6-b62a-751d46cc4540
B55: Reforestation project in Mexico | C55: Mexico | D55: Reforestation | E55: 4551 | F55: Verified Carbon Standard | G55: 2025 | H55: https://registry.verra.org/app/projectDetail/VCS/1740 | I55: https://www.southpole.com/projects/forest-restoration-with-teak
B56: Linshu biogas recovery and power generation project | C56: China | D56: Renewable energy | E56: 178 | F56: Verified Carbon Standard | G56: 2025 | H56: https://registry.verra.org/app/projectDetail/VCS/2402 | I56: https://www.southpole.com/en/projects/linshu-wastewater-to-energy
B57: European biochar - Vineyards | C57: France | D57: Biochar | E57: 40 | F57: EBC C-Sink, awaiting ICROA endorsement 4 | G57: 2025 | H57: https://platform.carbonfuture.earth/balancer/climate-credit/view/6ffaa4ea-a627-41d5-9c8f-b5f9960cecd3 | I57: https://platform.carbonfuture.earth/balancer/portfolios/view/79afec0d-a3a7-41f1-8902-ddd432364170
... B69: European biochar - Biokolprodukter | C69: Sweden | D69: Biochar | E69: 28 | F69: EBC - C Sink | G69: 2025 | H69: https://global-c-registry.org/intransitionphase?id=NRKME8W3KM&search=23139&language=en | I69: https://www.klimate.co/project/biokolprodukter-cortus-energy
B70: 1 FirstClimate AG has been our partner from 2009 to 2020. First Climate’s carbon offsetting activities are audited and verified by TÜV Nord on an annual basis. For more information: www.firstclimate.com/en/about-us/
B71: 2 In 2021 and 2022, we purchased carbon credits from South Pole that are verified by independent third parties.
B72: 3 VCS stands for ‘Verified Carbon Standard’ and is a voluntary emissions reduction standard. The CCBS (Climate, Community & Biodiversity Standards) identify land management projects that simultaneously address climate change, support local communities and smallholders and conserve biodiversity. Both the VCS and the CCBS are developed and managed by the not-for-profit organisation, Verra.
B73: 4 From 2022 to 2024, we invested in a small proportion of Biochar projects in order to support the development of Technology-Based offsetting solutions. The supported Biochar projects are EBC C-Sink, still awaiting ICROA endorsement. In order to ensure that our entire emissions portfolio is ICROA endorsed, we have bundled these certificates with ICROA endorsed offsets (certified under Verra).
B74: 5 In 2025, we purchased carbon credits from Klimate that are verified by independent third parties.

Sheet Breakdown of indirect & direct 
B4: Environment: Breakdown of indirect and direct CO2e emissions
B6: Breakdown of indirect and direct CO2e emissions of the Danske Bank Group.
B7: In 2025, we excluded scope 3.7 emissions from employee commuting (working from home). As a result, we restated esmissions back to our baseline for own operations emissions (scope 1, 2, and current scope 3) – see Breakdown of baseline changes.
B9: The Danske Bank Group sold its operations in India in 2023. Therefore, no data is available for India from 2024 onwards.
B11: CO2e emissions scope 1 (direct CO2 emissions) 1,2 | C11: 2025 | D11: 2024 | E11: 2023 | F11: 2022 | G11: 2021 | H11: 2020 | I11: 2019
B12: Total | C12: 219.31931 | D12: 215.44735 | E12: 200.76072 | F12: 244.61404 | G12: 643.04729 | H12: 651.4545 | I12: 555.22274
B13: Denmark | C13: 6.4550956 | D13: 6.5309718 | E13: 6.4931242 | F13: 9.0531699 | G13: 134.94975 | H13: 72.131264 | I13: 75.471343
B14: Finland | C14: 0 | D14: 0 | E14: 0 | F14: 0 | G14: 0 | H14: 0 | I14: 0
B15: Sweden | C15: 0 | D15: 0 | E15: 0 | F15: 0 | G15: 0 | H15: 0 | I15: 0
B16: Norway | C16: 0 | D16: 0 | E16: 0 | F16: 0 | G16: 0 | H16: 1.38565 | I16: 1.573684
B17: Northern Ireland | C17: 206.9449 | D17: 202.99025 | E17: 189.7282 | F17: 232.1338 | G17: 501.66046 | H17: 571.12219 | I17: 464.99649
B18: Ireland | C18: 0 | D18: 0 | E18: 0 | F18: 0 | G18: 0 | H18: 0 | I18: 0
B19: Lithuania | C19: 0 | D19: 0 | E19: 0 | F19: 0 | G19: 0 | H19: 0 | I19: 0
B20: India | C20: 0 | D20: 0 | E20: 0 | F20: 0 | G20: 0 | H20: 0 | I20: 0
B21: Estimated CO2e emissions from operations without registered data | C21: 5.9193078 | D21: 5.9261201 | E21: 4.5393998 | F21: 3.4270729 | G21: 6.4370829 | H21: 6.8153993 | I21: 13.181215
B22: 1 Direct CO2 emissions (scope 1) comprise emissions from electricity, heat and steam generated by the organisation (within the organisational boundaries) and usage of company vehicles.
B23: 2 2019-2023 data is verified by a third party.
B25: CO2e emissions scope 1: Heating from consumption of oil and gas (tonnes) 1 | C25: 2025 | D25: 2024 | E25: 2023 | F25: 2022 | G25: 2021 | H25: 2020 | I25: 2019
B26: Total | C26: 212.68516 | D26: 208.73165 | E26: 194 | F26: 235.47898 | G26: 644.90357 | H26: 644.15481 | I26: 549.97966
B27: Denmark | C27: - | D27: - | E27: 0 | F27: 0 | G27: 136.78735 | H27: 64.9742 | I27: 70.35209
B28: Finland | C28: - | D28: - | E28: 0 | F28: 0 | G28: 0 | H28: 0 | I28: 0
B29: Sweden | C29: - | D29: - | E29: 0 | F29: 0 | G29: 0 | H29: 0 | I29: 0
B30: Norway | C30: - | D30: - | E30: 0 | F30: 0 | G30: 0 | H30: 1.38565 | I30: 1.573684
B31: Northern Ireland | C31: 206.9449 | D31: 202.99025 | E31: 189.7282 | F31: 232.1338 | G31: 501.66046 | H31: 571.12219 | I31: 464.99649
B32: Ireland | C32: - | D32: - | E32: 0 | F32: 0 | G32: 0 | H32: 0 | I32: 0
B33: Lithuania | C33: - | D33: - | E33: 0 | F33: 0 | G33: 0 | H33: 0 | I33: 0
B34: India | C34: - | D34: - | E34: 0 | F34: 0 | G34: 0 | H34: 0 | I34: 0
B35: Estimated CO2e emissions from operations without registered data | C35: 5.7402558 | D35: 5.7413975 | E35: 4.3891874 | F35: 3.3451829 | G35: 6.4557543 | H35: 6.6727743 | I35: 13.057392
B36: 1 Direct CO2 emissions (scope 1) comprise emissions from electricity, heat and steam generated by the organisation (within the organisational boundaries) and usage of company vehicles.
B38: CO2e emissions scope 1: Use of company vehicles (tonnes) 1 | C38: 2025 | D38: 2024 | E38: 2023 | F38: 2022 | G38: 2021 | H38: 2020 | I38: 2019
B39: Total | C39: 6.6341476 | D39: 6.7156945 | E39: 6.6433367 | F39: 9.1819496 | G39: 6.3654292 | H39: 7.232055 | I39: 5.2437789
B40: Denmark | C40: 6.4550956 | D40: 6.5309718 | E40: 6.4931242 | F40: 9.0531699 | G40: 6.3016551 | H40: 7.1570641 | I40: 5.1192526
B41: Finland | C41: - | D41: 0 | E41: 0 | F41: 0 | G41: 0 | H41: 0 | I41: 0
B42: Sweden | C42: - | D42: 0 | E42: 0 | F42: 0 | G42: 0 | H42: 0 | I42: 0
B43: Norway | C43: - | D43: 0 | E43: 0 | F43: 0 | G43: 0 | H43: 0 | I43: 0
B44: Northern Ireland | C44: - | D44: 0 | E44: 0 | F44: 0 | G44: 0 | H44: 0 | I44: 0
B45: Ireland | C45: - | D45: 0 | E45: 0 | F45: 0 | G45: 0 | H45: 0 | I45: 0
B46: Lithuania | C46: - | D46: 0 | E46: 0 | F46: 0 | G46: 0 | H46: 0 | I46: 0
B47: India | C47: - | D47: 0 | E47: 0 | F47: 0 | G47: 0 | H47: 0 | I47: 0
B48: Estimated CO2e emissions from operations without registered data | C48: 0.17905201 | D48: 0.18472269 | E48: 0.15021246 | F48: 0.12877966 | G48: 0.063774033 | H48: 0.074990914 | I48: 0.12452631
B49: 1 Direct CO2e emissions (scope 1) comprise emissions from electricity, heat and steam generated by the organisation (within the organisational boundaries) and usage of company vehicles.
B51: CO2e emissions scope 2 (indirect emissions) – Market-based 1,2,3 | C51: 2025 | D51: 2024 | E51: 2023 | F51: 2022 | G51: 2021 | H51: 2020 | I51: 2019
B52: Total | C52: 1210.9526 | D52: 1657.7516 | E52: 1753 | F52: 2062 | G52: 2812.1901 | H52: 3209 | I52: 4550.4035
B53: Denmark | C53: 753.14933 | D53: 1020.4821 | E53: 1064.0759 | F53: 1199.4514 | G53: 1876.5315 | H53: 2130.4598 | I53: 2698.0141
B54: Finland | C54: 193.6801 | D54: 264.29908 | E54: 354.31727 | F54: 421.45927 | G54: 406.82242 | H54: 582.08971 | I54: 1138.0598
B55: Sweden | C55: 140.58455 | D55: 202.01423 | E55: 162.99976 | F55: 154.05422 | G55: 212.43075 | H55: 234.25548 | I55: 346.79702
B56: Norway | C56: 13.344078 | D56: 18.788501 | E56: 24.9528 | F56: 18.232442 | G56: 21.532849 | H56: 20.37412 | I56: 23.683619
B57: Northern Ireland | C57: - | D57: - | E57: 0 | F57: 0 | G57: 0 | H57: 0 | I57: 0
B58: Ireland | C58: - | D58: - | E58: 0 | F58: 0 | G58: 0 | H58: 0 | I58: 0
B59: Lithuania | C59: 79.580717 | D59: 104.82734 | E59: 107.40411 | F59: 240.2695 | G59: 266.72175 | H59: 208.51845 | I59: 235.8205
B60: India | C60: - | D60: - | E60: 0 | F60: 0 | G60: 0 | H60: 0 | I60: 0
B61: Estimated CO2e emissions from operations without registered data | C61: 30.613878 | D61: 47.340281 | E61: 39.646025 | F61: 28.893928 | G61: 28.150808 | H61: 33.574827 | I61: 108.02845
B62: 1 The market-based methodology covers the emissions from electricity where contractual arrangements have been considered. For Danske Bank, this entails that the emissions from electricity consumption are reported as zero due to the purchase of renewable electricity certifications under guarantees of origin (GoO) and the renewable energy guarantees of origin (REGO).
B63: 2 2019-2023 data is verified by a third party.
B64: 3 The 2024 figure has been updated to correct double-counted scope 2 heating emissions for Denmark.
B66: CO2e emissions scope 2: Heating from external suppliers (tonnes) 1 | C66: 2025 | D66: 2024 | E66: 2023 | F66: 2022 | G66: 2021 | H66: 2020 | I66: 2019
B67: Total | C67: 1210.9526 | D67: 1657.7516 | E67: 1753 | F67: 2062 | G67: 2812 | H67: 3209 | I67: 4550.4035
B68: Denmark | C68: 753.14933 | D68: 1020.4821 | E68: 1064.0759 | F68: 1199.4514 | G68: 1876.5315 | H68: 2130.4598 | I68: 2698.0141
B69: Finland | C69: 193.6801 | D69: 264.29908 | E69: 354.31727 | F69: 421.45927 | G69: 406.82242 | H69: 582.08971 | I69: 1138.0598
B70: Sweden | C70: 140.58455 | D70: 202.01423 | E70: 162.99976 | F70: 154.05422 | G70: 212.43075 | H70: 234.25548 | I70: 346.79702
B71: Norway | C71: 13.344078 | D71: 18.788501 | E71: 24.9528 | F71: 18.232442 | G71: 21.532849 | H71: 20.37412 | I71: 23.683619
B72: Northern Ireland | C72: - | D72: - | E72: 0 | F72: 0 | G72: 0 | H72: 0 | I72: 0
B73: Ireland | C73: - | D73: - | E73: 0 | F73: 0 | G73: 0 | H73: 0 | I73: 0
B74: Lithuania | C74: 79.580717 | D74: 104.82734 | E74: 107.40411 | F74: 240.2695 | G74: 266.72175 | H74: 208.51845 | I74: 235.8205
B75: India | C75: - | D75: 0 | E75: 0 | F75: 0 | G75: 0 | H75: 0 | I75: 0
B76: Estimated CO2e emissions from operations without registered data | C76: 30.613878 | D76: 47.340281 | E76: 39.646025 | F76: 28.893928 | G76: 28.150808 | H76: 33.574827 | I76: 108.02845
B77: 1 The 2024 figure has been updated to correct double-counted scope 2 heating emissions for Denmark.
B79: CO2e emissions scope 2: Electricity from external suppliers (tonnes) – Market-based 1 | C79: 2025 | D79: 2024 | E79: 2023 | F79: 2022 | G79: 2021 | H79: 2020 | I79: 2019
B80: Total | C80: 0 | D80: 0 | E80: 0 | F80: 0 | G80: 0 | H80: 0 | I80: 0
B81: Denmark | C81: 0 | D81: 0 | E81: 0 | F81: 0 | G81: 0 | H81: 0 | I81: 0
B82: Finland | C82: 0 | D82: 0 | E82: 0 | F82: 0 | G82: 0 | H82: 0 | I82: 0
B83: Sweden | C83: 0 | D83: 0 | E83: 0 | F83: 0 | G83: 0 | H83: 0 | I83: 0
B84: Norway | C84: 0 | D84: 0 | E84: 0 | F84: 0 | G84: 0 | H84: 0 | I84: 0
B85: Northern Ireland | C85: 0 | D85: 0 | E85: 0 | F85: 0 | G85: 0 | H85: 0 | I85: 0
B86: Ireland | C86: 0 | D86: 0 | E86: 0 | F86: 0 | G86: 0 | H86: 0 | I86: 0
B87: Lithuania | C87: 0 | D87: 0 | E87: 0 | F87: 0 | G87: 0 | H87: 0 | I87: 0
B88: India | C88: 0 | D88: 0 | E88: 0 | F88: 0 | G88: 0 | H88: 0 | I88: 0
B89: Estimated CO2e emissions from operations without registered data | C89: 0 | D89: 0 | E89: 0 | F89: 0 | G89: 0 | H89: 0 | I89: 0
B90: 1 The market-based methodology covers the emissions from electricity where contractual arrangements have been considered. For Danske Bank, this entails that the emissions from electricity consumption are reported as zero due to the purchase of renewable electricity certifications under guarantees of origin (GoO) and the renewable energy guarantees of origin (REGO).
B92: CO2e emissions scope 2: Electricity from external suppliers (tonnes) – Location-based 1,2 | C92: 2025 | D92: 2024 | E92: 2023 | F92: 2022 | G92: 2021 | H92: 2020 | I92: 2019
B93: Total | C93: 1842.3123 | D93: 2607.2527 | E93: 4552.4948 | F93: 5839.8279 | G93: 5240.6055 | H93: 7213.0405 | I93: 10187
B94: Denmark | C94: 721.91361 | D94: 1357.2581 | E94: 2095.7197 | F94: 2947.743 | G94: 2902.663 | H94: 3950.1789 | I94: 6111.4302
B95: Finland | C95: 90.451083 | D95: 137.17942 | E95: 214.69989 | F95: 233.01766 | G95: 284.3234 | H95: 746.77588 | I95: 1042.6712
B96: Sweden | C96: 17.187338 | D96: 22.596792 | E96: 27.510228 | F96: 28.172576 | G96: 45.575779 | H96: 41.611953 | I96: 54.707812
B97: Norway | C97: 9.272834 | D97: 13.266592 | E97: 22.611877 | F97: 12.87627 | G97: 24.148226 | H97: 36.414718 | I97: 37.474862
B98: Northern Ireland | C98: 610.76854 | D98: 694.95674 | E98: 550.13591 | F98: 610.04128 | G98: 513.2666 | H98: 899.69466 | I98: 1258.7386
B99: Ireland | C99: 15.25366 | D99: 18.615903 | E99: 23.977517 | F99: 40.228713 | G99: 39.612178 | H99: 42.410033 | I99: 46.342396
B100: Lithuania | C100: 377.4652 | D100: 363.37916 | E100: 547.58671 | F100: 1037.2772 | G100: 809.82433 | H100: 599.63005 | I100: 519.11314
B101: India | C101: - | D101: - | E101: 1070.253 | F101: 930.4711 | G101: 621.192 | H101: 896.32435 | I101: 1116.2621
B102: 1 The location-based methodology covers the emissions originating from the electricity grid delivered directly from the suppliers.
B103: 2 Following the sale of Danske IT, our former fully owned subsidiary in India, on 1 September 2023, and changes in the emission factors, our total emissions from purchased electricity decreased relative to 2023 levels.
B105: Scope 3 (other indirect CO2e emissions) 1,2,3,4 | C105: 2025 | D105: 2024 | E105: 2023 | F105: 2022 | G105: 2021 | H105: 2020 | I105: 2019
B106: Total | C106: 5191.51 | D106: 7453.6881 | E106: 7917.6321 | F106: 5667.8922 | G106: 2381.8276 | H106: 7292.9025 | I106: 17239.983
B107: Denmark | C107: 2988.0407 | D107: 4278.9025 | E107: 4592.2573 | F107: 3544.6162 | G107: 1883.3427 | H107: 4901.9166 | I107: 10151.344
B108: Finland | C108: 481.31731 | D108: 659.67058 | E108: 610.12532 | F108: 326.80359 | G108: 102.21997 | H108: 474.75191 | I108: 1296.108
B109: Sweden | C109: 490.19659 | D109: 580.13366 | E109: 621.8386 | F109: 359.19101 | G109: 95.373401 | H109: 567.79214 | I109: 1308.0679
B110: Norway | C110: 414.46563 | D110: 680.78074 | E110: 647.73935 | F110: 627.64169 | G110: 35.12679 | H110: 713.32785 | I110: 2010.2814
B111: Northern Ireland | C111: 213.09601 | D111: 337.24692 | E111: 271.20146 | F111: 198.10641 | G111: 95.924603 | H111: 304.09426 | I111: 557.57665
B112: Ireland | C112: 17.316651 | D112: 13.309906 | E112: 12.498313 | F112: 5.8402865 | G112: 2.0405706 | H112: 9.8685186 | I112: 18.595037
B113: Lithuania | C113: 447.52602 | D113: 699.97052 | E113: 749.62583 | F113: 392.77848 | G113: 85.658567 | H113: 62.192359 | I113: 1166.2186
...

Sheet Other consumption
B4: Environment: Other consumption
B6: Other consumption of the Danske Bank Group.
B8: The Danske Bank Group sold its operations in India in 2023. Therefore, no data is available for India from 2024 onwards.
B10: Waste total (tonnes) 1,2,3,4,5 | C10: 2025 | D10: 2024 | E10: 2023 | F10: 2022 | G10: 2021 | H10: 2020 | I10: 2019
B11: Total | C11: 1109.2165 | D11: 1622.022 | E11: 1715.5023 | F11: 1713.0683 | G11: 294 | H11: 849 | I11: 1381
B12: 1 Due to lack of data availability: India and Lithuania not included in 2019; Norway and Sweden not included in 2018; Finland, India and Lithuania not included from 2018-2009; Northern Ireland and Ireland not included from 2011-2009.
B13: 2 Waste consists of three types: waste to landfill, waste to incineration and waste to recycling.
B14: 3 Due to lack of availability, waste data estimated in 2022 for Sweden, India and Republic of Ireland.
B15: 4 The 2024 figure has been updated to include previously missing site data.
B16: 5 In 2025, waste levels decreased relative to 2024 due to a reduction in our site portfolio initiated in previous years and completed in 2024.
B18: Waste to landfill (tonnes) | C18: 2025 | D18: 2024 | E18: 2023 | F18: 2022 | G18: 2021 | H18: 2020 | I18: 2019
B19: Total | C19: 0.62 | D19: 2 | E19: 4.7823594 | F19: 2.44 | G19: - | H19: 0.05 | I19: 3.2
B21: Waste to incineration (tonnes) | C21: 2025 | D21: 2024 | E21: 2023 | F21: 2022 | G21: 2021 | H21: 2020 | I21: 2019
B22: Total | C22: 465.598 | D22: 650.173 | E22: 587.67508 | F22: 685.75493 | G22: 54 | H22: 216 | I22: 557
B24: Waste to recycling (tonnes) 1 | C24: 2025 | D24: 2024 | E24: 2023 | F24: 2022 | G24: 2021 | H24: 2020 | I24: 2019
B25: Total | C25: 399.9765 | D25: 679.829 | E25: 665.47142 | F25: 818.88512 | G25: 240 | H25: 633 | I25: 822
B26: 1 Waste to recycling consists of three types: paper, eletronics and other.
B28: % of waste to recycling | C28: 2025 | D28: 2024 | E28: 2023 | F28: 2022 | G28: 2021 | H28: 2020 | I28: 2019
B29: Total | C29: 36 | D29: 42 | E29: 38.7 | F29: 52 | G29: 82 | H29: 75 | I29: 59
B31: Waste to recycling: Paper (tonnes) | C31: 2025 | D31: 2024 | E31: 2023 | F31: 2022 | G31: 2021 | H31: 2020 | I31: 2019
B32: Total | C32: 232.57 | D32: 324.864 | E32: 435.64476 | F32: 454.91247 | G32: 202 | H32: 382 | I32: 529
B34: Waste to recycling: Electronics (tonnes) | C34: 2025 | D34: 2024 | E34: 2023 | F34: 2022 | G34: 2021 | H34: 2020 | I34: 2019
B35: Total | C35: 3.773 | D35: 19.04 | E35: 13.225 | F35: 18.699 | G35: 6 | H35: 27 | I35: 27
B37: Waste to recycling: Other (tonnes) | C37: 2025 | D37: 2024 | E37: 2023 | F37: 2022 | G37: 2021 | H37: 2020 | I37: 2019
B38: Total | C38: 163.6335 | D38: 335.925 | E38: 154.6522 | F38: 181.2134 | G38: 31 | H38: 224 | I38: 266
B40: Water consumption - total (m3) 1,2 | C40: 2025 | D40: 2024 | E40: 2023 | F40: 2022 | G40: 2021 | H40: 2020 | I40: 2019
B41: Total | C41: 75551.887 | D41: 88339 | E41: 77558.75 | F41: 60935.287 | G41: 41998.646 | H41: 73305 | I41: 92780.46
B42: 1 Due to the unavailability of data, water consumption for 2022 only includes data from Denmark, Finland, Northern Ireland, Norway and Lithuania. 2020 and 2019 only includes data from Denmark, Finland and Lithuania. In Denmark and Lithuania, the data only covers head offices, and water consumption in Finland only accounts for one location in Pasila, Helsinki.
B43: 2 In 2025, water consumption levels decreased compared to 2024 due to a reduction in our site portfolio initiated in previous years and completed in 2024.

Sheet Locations and transactions
B4: Social: Locations and transactions
B6: Number of locations | C6: 2025 | D6: 2024 | E6: 2023 | F6: 2022 | G6: 2021
B7: Total | C7: =SUM(C8:C12) -> 128 | D7: =SUM(D8:D12) -> 129 | E7: 144 | F7: 175 | G7: 170
B8: Denmark | C8: 51 | D8: 51 | E8: 60 | F8: 68 | G8: 74
B9: Finland | C9: 20 | D9: 19 | E9: 19 | F9: 19 | G9: 19
B10: Sweden | C10: 23 | D10: 24 | E10: 24 | F10: 24 | G10: 27
B11: Norway | C11: 10 | D11: 11 | E11: 13 | F11: 16 | G11: 18
B12: Northern Ireland | C12: 24 | D12: 24 | E12: 28 | F12: 28 | G12: 32
B13: Baltics | C13: n/a
B14: Ireland | C14: n/a
B16: Number of self-service eBanking transactions (millions) | C16: 2025 | D16: 2024 | E16: 2023 | F16: 2022 | G16: 2021
B17: Total | C17: 44.8 | D17: 57.9 | E17: 53 | F17: 54 | G17: 64.5
B19: Number of self-service mobile and tablet banking transactions (millions) | C19: 2025 | D19: 2024 | E19: 2023 | F19: 2022 | G19: 2021
B20: Total | C20: 97.1 | D20: 95.9 | E20: 96.5 | F20: 90 | G20: 85.4

Sheet Volunteering
B4: Social: Volunteering
B6: Our corporate volunteering programme, Time2Give, was established in 2019. Through the programme, employees are empowered to participate in volunteer activities three workdays per year paid by the Danske Bank Group. Employees decide themselves whether they want to volunteer alone or with their team. Similarly, they can choose to find their own volunteering project, or in some countries they can sign up to a project headed by Danske Bank in partnership with local NGOs and other organisations. Time2Give is a global project and open to all employees in the Group.
B8: Number of participants in employee volunteering programme 1,2 | C8: 2025 | D8: 2024 | E8: 2023 | F8: 2022 | G8: 2021
B9: Total | C9: 4987 | D9: 4874 | E9: 4459 | F9: 3346 | G9: 1464
B10: 1 The number of participants increased significantly in 2022 due to an extension of our employee volunteering programme that enabled employees to spend two additional paid workdays as an immediate response to the war in Ukraine.
B11: 2 2021-2023 data is verified by a third party.

Sheet Employees
B4: Social: Employees
B6: Number of FTEs 1,2,3 | C6: 2025 | D6: 2024 | E6: 2023 | F6: 2022 | G6: 2021
B7: Total (Q1-Q4) | C7: 20113 | D7: 19916 | E7: 20021 | F7: 21022 | G7: 21754
B8: 1 The number of FTEs is based on information registered at the end of the year in the Danske Bank Group’s registration system.
B9: 2 Data is verified by a third party.
B10: 3 In 2025, data for 2024 has been restated.
B12: Employee engagement score (%) 1,2 | C12: 2025 | D12: 2024 | E12: 2023 | F12: 2022 | G12: 2021
B13: Total | C13: 79 | D13: 77 | E13: 75 | F13: 76 | G13: 74
B14: 1 In 2021, a new Culture and Engagement Survey was introduced. Due to a change in survey methodology, our previous 2023 ambition of a 90% engagement score is no longer applicable and, we now have a Satisfaction & Motivation index target of 77 instead.
B15: 2 2020-2023 data is verified by a third party.
B17: Employee turnover (%) 1,2,3 | C17: 2025 | D17: 2024 | E17: 2023 | F17: 2022 | G17: 2021
B18: Total | C18: 10.46 | D18: 14.05 | E18: 18.2 | F18: 15.3 | G18: 14.8
B19: Women | C19: 10.51 | D19: 13.51 | E19: 15.2 | F19: 14.4 | G19: 13.22
B20: Men | C20: 10.4 | D20: 15.58 | E20: 21.2 | F20: 16.3 | G20: 16.4
B21: Third gender/non-binary | C21: 23.08 | D21: 76.6 | E21: 19.4 | F21: 0 | G21: -
B22: 1 ‘Employee turnover’ is defined as the number of leavers (retired and resigned employees – headcount) over a 12-month period, divided by the average number of employees at the end of each month over a 12-month period, which gives a turnover rate.
B23: 2 The high turnover percentage in 2024 for non-binary employees is due to the small number in this category; three terminations in 2024 significantly impacted the percentage.
B24: 3 Data is verified by a third party.
B26: Average year of service (years) 1 | C26: 2025 | D26: 2024 | E26: 2023 | F26: 2022 | G26: 2021
B27: Total | C27: 10.29 | D27: 10 | E27: 10 | F27: 10 | G27: 11
B28: Women | C28: 10.92 | D28: 11 | E28: 11 | F28: 10 | G28: 12
B29: Men | C29: 9.65 | D29: 10 | E29: 10 | F29: 9 | G29: 10
B30: Third gender/non-binary | C30: 1.2 | D30: 1 | E30: 0 | F30: 0 | G30: -
B31: 1 ‘Average years of service’ is defined as average years that employees have worked in the Danske Bank Group. The figures cover the entire Danske Bank Group.
B33: Average age (years) 1 | C33: 2025 | D33: 2024 | E33: 2023 | F33: 2022 | G33: 2021
B34: Total | C34: 41 | D34: 41 | E34: 41 | F34: 40 | G34: 40
B35: Women | C35: 41.23 | D35: 41 | E35: 41 | F35: 40 | G35: 40
B36: Men | C36: 41 | D36: 41 | E36: 41 | F36: 40 | G36: 40
B37: Third gender/non-binary | C37: 26 | D37: 28 | E37: 27 | F37: 30 | G37: -
B38: 1 ‘Average age’ is defined as average age of employees in the Danske Bank Group. The figures cover the entire Danske Bank Group.
B40: Employee per age group (headcount) 1,2,3 | C40: 2025 | I40: 2024
C41: <30 years | E41: 30-50 years | G41: 50< years | I41: <30 years | K41: 30-50 years | M41: 50< years
C42: Number | D42: % | E42: Number | F42: % | G42: Number | H42: % | I42: Number | J42: % | K42: Number | L42: % | M42: Number | N42: %
B43: Female | C43: 1704 | D43: =+C43/C46*100 -> 49.348393 | E43: 6384 | F43: 50.498339 | G43: 2737 | H43: 51.044386 | I43: 1809 | J43: 50.07 | K43: 6476 | L43: 50.88 | M43: 2552 | N43: 51.4
B44: Male | C44: 1744 | D44: =+C44/C46*100 -> 50.506806 | E44: 6258 | F44: 49.501661 | G44: 2625 | H44: 48.955614 | I44: 1801 | J44: 49.85 | K44: 6251 | L44: 49.11 | M44: 2413 | N44: 48.6
B45: Third gender/non-binary | C45: 5 | D45: =+C45/C46*100 -> 0.14480162 | E45: 0 | F45: 0 | G45: 0 | H45: 0 | I45: 3 | J45: 0.08 | K45: 1 | L45: 0.008 | M45: 0 | N45: 0
B46: Total | C46: 3453 | D46: 100 | E46: 12642 | F46: 100 | G46: 5362 | H46: 100 | I46: 3613 | J46: 100 | K46: 12728 | L46: 100 | M46: 4965 | N46: 100
B47: 1 ‘Employees per age group’ shows the age distribution of the employees in the Danske Bank Group. The figures cover the entire Danske Bank Group.
B48: 2 2024 and 2025 data is verified by a third party.
B49: 3 Data before 2024 is not shown due to a change of presented data but can be viewed in the Sustainability Fact Book 2024.
B51: Employee country distribution (%) 1,2 | C51: 2025 | D51: 2024 | E51: 2023 | F51: 2022 | G51: 2021
B52: Denmark | C52: 50.03 | D52: 49.45 | E52: 48.17 | F52: 46.06 | G52: -
B53: Finland | C53: 7.94 | D53: 7.85 | E53: 7.61 | F53: 7.39 | G53: -
B54: India | C54: n/a | D54: n/a | E54: n/a | F54: 6.05 | G54: -
B55: Lithuania | C55: 22.38 | D55: 22.47 | E55: 22.26 | F55: 20.13 | G55: -
B56: Luxembourg | C56: 0.08 | D56: 0.08 | E56: 0.09 | F56: 0.13 | G56: -
B57: Norway | C57: 3.08 | D57: 3.33 | E57: 4.83 | F57: 4.92 | G57: -
B58: Poland | C58: 2.35 | D58: 2.45 | E58: 2.48 | F58: 1.49 | G58: -
B59: Sweden | C59: 7.16 | D59: 7.17 | E59: 7.22 | F59: 6.86 | G59: -
B60: Ireland | C60: 0.21 | D60: 0.2 | E60: 0.22 | F60: 0.2 | G60: -
B61: United Kingdom | C61: 6.74 | D61: 6.91 | E61: 7.02 | F61: 6.7 | G61: -
B62: USA | C62: 0.07 | D62: 0.08 | E62: 0.09 | F62: 0.07 | G62: -
B63: 1 ‘Employees country distribution’ shows the share of the employees working in the different countries that the Danske Bank Group operates in. The figures cover the entire Danske Bank Group.
B64: 2 From September 2023, all employees in Danske IT in India were transfered to Infosys as Danske Bank entered a strategic partnership with Infosys.
B66: Leaves of absence granted for other reasons (number of employees granted leave of absence during the year) 1 | C66: 2025 | D66: 2024 | E66: 2023 | F66: 2022 | G66: 2021
B67: Total | C67: 437 | D67: 387 | E67: 370 | F67: 402 | G67: 377
B68: Women | C68: 343 | D68: 323 | E68: 295 | F68: 305 | G68: 311
B69: Men | C69: 84 | D69: 64 | E69: 75 | F69: 97 | G69: 66
B70: Third gender/non-binary | C70: 0 | D70: 0 | E70: 0 | F70: 0 | G70: -
B71: 1 ‘Leaves of absence granted for other reasons’ is defined as number of employees in the Danske Bank Group who have been granted leave during the year excluding family leave as the reason. From 2019, the figures cover the entire Danske Bank Group.
B73: Employees on leave during the year (number) 1 | C73: 2025 | D73: 2024 | E73: 2023 | F73: 2022 | G73: 2021
B74: Total | C74: 1466 | D74: 1242 | E74: 1261 | F74: 1302 | G74: 1302
B75: Women | C75: 790 | D75: 805 | E75: 807 | F75: 839 | G75: 864
B76: Men | C76: 677 | D76: 437 | E76: 454 | F76: 463 | G76: 438
B77: Third gender/non-binary | C77: 0 | D77: 0 | E77: 0 | F77: 0 | G77: -
B78: 1 ‘Employees on leave during the year’ is defined as number of employees in the Danske Bank Group who have been granted leave during the year, including all reasons for leave. From 2019, the figures cover the entire Danske Bank Group.
B80: Flex jobs (number) 1 | C80: 2025 | D80: 2024 | E80: 2023 | F80: 2022 | G80: 2021
B81: Total | C81: 34 | D81: 31 | E81: 31 | F81: 31 | G81: 33
B82: Women | C82: 28 | D82: 26 | E82: 22 | F82: 21 | G82: 25
B83: Men | C83: 6 | D83: 5 | E83: 10 | F83: 10 | G83: 8
B84: Third gender/non-binary | C84: 0 | D84: 0 | E84: 0 | F84: 0 | G84: -
B85: 1 A flex job is a Danish work arrangement for people with reduced ability to work. Flex jobs is defined as number of employees in the Danske Bank Group working on a flex job agreement at year-end. The number of flex jobs covers activities in Denmark only.

Sheet Diversity, equity and inclusion
B4: Social: Diversity, equity and inclusion
B6: Employee gender distribution (headcount) 1,2 | C6: 2025 | D6: 2024 | E6: 2023 | F6: 2022 | G6: 2021
B7: Female | C7: 10811 | D7: 10842 | E7: - | F7: - | G7: -
B8: Male | C8: 10613 | D8: 10640 | E8: - | F8: - | G8: -
B9: Third gender/non-binary | C9: 5 | D9: 4 | E9: - | F9: - | G9: -
B10: Total | C10: 21429 | D10: 21306 | E10: - | F10: - | G10: -
B11: 1 Data is verified by a third party.
B12: 2 Due to a change in the data presented, data before 2024 is not shown but can be viewed in the Sustainability Fact Book 2024.
B14: Gender distribution: Leaders in general (% women) 1,2,3 | C14: 2025 | D14: 2024 | E14: 2023 | F14: 2022 | G14: 2021
B15: Total | C15: 40 | D15: 41 | E15: 41 | F15: 39 | G15: 38
B16: 1 Leadership positions is defined as persons with staff responsibility.
B17: 2 Data is verified by a third party.
B18: 3 More granular data on gender distribution at the different leadership levels for 2021-2024 is available in the Sustainability Fact Book 2024.
B20: Gender distribution: Other management (Danske Bank A/S) (% women) 1,2,3 | C20: 2025 | D20: 2024 | E20: 2023 | F20: 2022 | G20: 2021
B21: Total | C21: 35 | D21: 36 | E21: - | F21: - | G21: -
B22: 1 Other management includes level 2 and level 3 leaders and the CEO.
B23: 2 Data is verified by a third party.
B24: 3 More granular data on gender distribution at the different leadership levels for 2021-2024 is available in the Sustainability Fact Book 2024.
B26: Gender distribution: Executive Leadership Team (% women) 1 | C26: 2025 | D26: 2024 | E26: 2023 | F26: 2022 | G26: 2021
B27: Total | C27: 33 | D27: 22 | E27: 22 | F27: 25 | G27: 13
B28: 1 Data is verified by a third party.
B30: Employee gender pay ratio (%) 1,2,3 | C30: 2025 | D30: 2024 | E30: 2023 | F30: 2022 | G30: 2021
B31: Total | C31: 76.9 | D31: 75.4 | E31: 76.7 | F31: 76 | G31: 81
B32: 1 In 2022, the employee gender pay ratio decreased to 76%, from 81% in 2021. The decrease reflects how different types of work have traditionally been valued and remunerated, thereby leading to a disproportionate number of men in higher-paid positions – a situation that remains a reality in some of the low-cost countries in which Danske Bank is growing. This had a negative impact on our overall progress.
B33: 2 Relative to 2023, median pay increased for both genders, but more so for men than women; consequently, our median gender pay ratio decreased from 2023 to 2024. This was caused by a shift in the relative composition of Danske Bank's workforce across countries and types of positions.
B34: 3 Data is verified by a third party.

Sheet Health and safety
B4: Social: Health and safety
B6: Injuries or post-traumatic stress related to robberies and violent situations (number) 1 | C6: 2025 | D6: 2024 | E6: 2023 | F6: 2022 | G6: 2021
B7: Total | C7: 1 | D7: 5 | E7: 2 | F7: 1 | G7: 12
B8: 1 The number of injuries or incidents of potential post-traumatic stress related to robberies is defined as the number of injuries or employees reported to the authorities where an employee has been involved in a robbery, a violent situation or recieved a threath. The data covers the entire Group except for India and Malaysia.
B10: Other physical or mental injuries (number) 1,2 | C10: 2025 | D10: 2024 | E10: 2023 | F10: 2022 | G10: 2021
B11: Total | C11: 44 | D11: 33 | E11: 37 | F11: 27 | G11: 45
B12: 1 The number of other physical or mental injuries is defined as the number of injuries or employees reported to the authorities that is not related to a robbery or other criminal activity. The data covers the entire Group except for India and Malaysia.
B13: 2 The increase in other physical or mental health injuries in 2025 is caused by an increase in minor injuries (particularly around doors, lifts and stairs) as employees have adapted to the new office headquarters building in Denmark.

Sheet Management
B4: Governance: Management | O4: To be deleted
B6: Gender distribution on the Board of Directors elected at the Annual General Meeting (% women) 1,2 | C6: 2025 | D6: 2024 | E6: 2023 | F6: 2022 | G6: 2021
C7: 33 | D7: 37.5 | E7: 38 | F7: 44 | G7: 43
B8: 1 Gender diversity share as at 31 December.
B9: 2 Data is verified by a third party.
B11: Gender distribution on the Board of Directors elected at the Annual General Meeting and employee-elected members (% women) 1,2 | C11: 2025 | D11: 2024 | E11: 2023 | F11: 2022 | G11: 2021
C12: 46 | D12: 50 | E12: 50 | F12: 54 | G12: 55
B13: 1 Gender diversity share as at 31 December.
B14: 2 Data is verified by a third party.
B16: Nationalities on the Board of Directors 1 | C16: 2025 | E16: 2024 | G16: 2023 | I16: 2022 | K16: 2021
C17: Persons | D17: % | E17: Persons | F17: % | G17: Persons | H17: % | I17: Persons | J17: % | K17: Persons | L17: %
B18: Danish | C18: 8 | D18: 66.66 | E18: 8 | F18: 66.66 | G18: 8 | H18: 66.66 | I18: 8 | J18: 61.5 | K18: 7 | L18: 64
B19: British | C19: n/a | E19: n/a | G19: 1 | H19: 8.33 | I19: 1 | J19: 7.7 | K19: 1 | L19: 9
B20: German | C20: 1 | D20: 8.33 | E20: 1 | F20: 8.33 | G20: 1 | H20: 8.33 | I20: 1 | J20: 7.7 | K20: 1 | L20: 9
B21: Finnish | C21: n/a | E21: 1 | F21: 8.33 | G21: 1 | H21: 8.33 | I21: 1 | J21: 7.7 | K21: 1 | L21: 9
B22: Norwegian | C22: n/a | E22: n/a | G22: n/a | I22: 1 | J22: 7.7 | K22: 1 | L22: 9
B23: Lithuanian | C23: 1 | D23: 8.33 | E23: 1 | F23: 8.33 | G23: 1 | H23: 8.33 | I23: 1 | J23: 7.7 | K23: n/a
B24: Belgian | C24: 1 | D24: 8.33 | E24: 1 | F24: 8.33 | G24: n/a | I24: n/a | K24: n/a
B25: Spanish | C25: 1 | D25: 8.33 | E25: n/a | G25: n/a | I25: n/a | K25: n/a
B26: 1 Distribution of nationalities as at 31 December 2025.
B28: Nationalities of the Executive Leadership Team 1 | C28: 2025 | E28: 2024 | G28: 2023 | I28: 2022 | K28: 2021
C29: Persons | D29: % | E29: Persons | F29: % | G29: Persons | H29: % | I29: Persons | J29: % | K29: Persons | L29: %
B30: Danish | C30: 4 | D30: 44.44 | E30: 4 | F30: 44.44 | G30: 4 | H30: 44.44 | I30: 3 | J30: 37.5 | K30: 2 | L30: 25
B31: Dutch | C31: 1 | D31: 11.11 | E31: 1 | F31: 11.11 | G31: 1 | H31: 11.11 | I31: 1 | J31: 12.5 | K31: 1 | L31: 12.5
B32: Swedish | C32: 2 | D32: 22.22 | E32: 2 | F32: 22.22 | G32: 2 | H32: 22.22 | I32: 2 | J32: 25 | K32: 2 | L32: 25
B33: German | C33: n/a | E33: 1 | F33: 11.11 | G33: 1 | H33: 11.11 | I33: 1 | J33: 12.5 | K33: 1 | L33: 12.5
B34: French | C34: 1 | D34: 11.11 | E34: n/a | G34: n/a | I34: n/a | K34: 1 | L34: 12.5
B35: Icelandic | C35: 1 | D35: 11.11 | E35: 1 | F35: 11.11 | G35: 1 | H35: 11.11 | I35: 1 | J35: 12.5 | K35: 1 | L35: 12.5
B36: 1 Distribution of nationalities as at 31 December 2025.
B38: Annual total remuneration ratio 1,2,3,4 | C38: 2025 | D38: 2024 | E38: 2023 | F38: 2022 | G38: 2021
B39: Group | C39: 61 | D39: 39.2 | E39: 36.6 | F39: 32.1 | G39: -
B40: 1 Annual total remuneration for the undertaking's highest-paid individual/median employee annual total remuneration (excluding the highest-paid individual).
B41: 2 In 2024, we aligned the reporting of the Annual Total Remuneration Ratio KPI with the Sustainability Statement in Danske Bank's Annual Report.
B42: 3 2024 and 2025 data is verified by a third party.
B43: 4 In 2025,the ratio increased to 61 due to changes in the composition of the Executive Leadership Team. Further details are available in the Danske Bank Remuneration Report 2025.

Sheet Training
B4: Governance: Training
B6: Employees trained in risk and compliance (%) 1,2 | C6: 2025 | D6: 2024 | E6: 2023 | F6: 2022 | G6: 2021
B7: Total | C7: 97 | D7: 97 | E7: 97 | F7: 97 | G7: 96
B8: 1 The result is below 100%, due mainly to cases of long-term illness, organisational changes and job profile changes during the training period, and employees who have not completed the training before the deadline and therefore are not included in the total.
B9: 2 Data is verified by a third party.

Sheet Danske Bank Group Policies
B4: Governance: Danske Bank Group Policies
B6: Name of policy | C6: Responsible | D6: Approval | E6: Disclosure | F6: Latest update | G6: Scope | H6: Objective
B7: Financial Accounting and Additional audit services and Non-audit services Policy | C7: CFO Area | D7: Board of Directors | E7: Not public | F7: 2025 | G7: Mandatory for all Group-related entities | H7: The main purpose of the Financial Accounting and Additional audit services and Non-audit services Policy is to set requirements for the process, responsibilities and principles needed to support a robust financial reporting process and protect the independence and objectivity of the external auditor elected to perform the statutory audit of the annual report of the Danske Bank Group by mandating an approval process for engaging the external auditor or non-audit services. This Policy also sets out instruction for approval of additional audit services to ensure an acceptable level of the fees.
B8: Business Continuity and Crisis Management Policy | C8: Group Risk Management | D8: Board of Directors | E8: Not public | F8: 2025 | G8: Mandatory for all Group-related entities | H8: The objective of the Business Continuity & Crisis Management Policy is to set out the principles as well as roles and responsibilities associated with the continuity of business operations in the event of severe disruption that has an impact on the Dansk Bank Group. The Group is exposed to risks relating to the continuity of its business, namely its ability to provide service to its customers on an ongoing basis. Systematic and coordinated management of such risks is essential for meeting the Group’s strategy, protecting the interests of the Group’s customers and stakeholders and for meeting regulatory requirements.
B9: Capital Policy | C9: Group Risk Management | D9: Board of Directors | E9: Not public | F9: 2025 | G9: Mandatory for all Group-related entities | H9: The objective of the Capital Policy is to ensure a strong capital position and compliance with all regulatory capital requirements at all times, while supporting long-term sustainable shareholder returns.
B10: Code of Conduct Policy | C10: CEO Office | D10: Board of Directors | E10: Public | F10: 2025 | G10: Mandatory for all Group-related entities and to all employees, including temporary staff and contractors | H10: The Code of Conduct Policy outlines a set of principles that govern our behaviour and way of doing business at the Danske Bank Group. The objective of the Code of Conduct is to promote a sound business culture at the Group that requires employees to take responsibility for their actions and helps employees ensure that we have a positive outcomes for our customers, investors, employees and for the societies we operate in.
B11: Compliance Policy | C11: CCO Area | D11: Board of Directors | E11: Not public | F11: 2025 | G11: Mandatory for all Group-related entities and to all employees, including temporary staff and contractors | H11: The Compliance Policy sets the principles and standards for managing compliance risks across the Danske Bank Group and describes the key roles and responsibilities of Group Compliance in supporting the Group in remaining compliant with applicable laws, rules and regulations across all jurisdictions in which the Group operates.
B12: Conflict of Interest Policy | C12: CCO Area | D12: Board of Directors | E12: Public | F12: 2025 | G12: Mandatory for all Group-related entities | H12: The objective of the Conflict of Interest Policy is to set out the principles for the identification and prevention or management of Conflicts of Interest and to ensure that the Group adheres to relevant applicable laws and regulations. This policy supports global compliance with sufficient flexibility to adapt to requirements in the local jurisdictions.
B13: Credit Policy | C13: Group Risk Management | D13: Board of Directors | E13: Not public | F13: 2025 | G13: Mandatory for all Group-related entities where credit risk arises | H13: The objective of the Credit Policy is to set out the principles for the business of lending and to support a strong risk culture at the Danske Bank Group, while ensuring adherence to the Executive Order on Management and Control of Banks etc., the Financial Business Act and our strategic ambitions. The acceptance of credit risk is an integral part of our core business, and fulfilling our financial ambitions requires that we make sound commercial decisions that balance risk and reward.
B14: Data Risk Management Policy | C14: Group Risk Management | D14: Board of Directors | E14: Not public | F14: 2025 | G14: Mandatory for all Group-related entities | H14: The objective of the Data Risk Management Policy is to define Group-wide principles for management of data risks to which the Danske Bank Group is exposed. This policy is designed to ensure compliance with applicable regulatory requirements and industry standards of relevant provisions of Danish Law.
B15: Diversity, Equity and Inclusion Policy | C15: Chief People Officer | D15: Board of Directors | E15: Public | F15: 2024 | G15: Mandatory for all Group-related entities and to all employees, including temporary staff and contractors | H15: The Diversity, Equity & Inclusion (DE&) Policy commits to ensuring a diverse and inclusive culture within the Danske Bank Group. The objective of the DE&I Policy is to ensure a diverse, equitable and inclusive culture within the Group and to ensure that the Group adheres to applicable regulatory requirements.
B16: Enterprise Risk Management Policy | C16: Group Risk Management | D16: Board of Directors | E16: Not public | F16: 2025 | G16: Mandatory for all Group-related entities and to all employees, including temporary staff and contractors | H16: The Enterprise Risk Management Policy defines and sets Group-wide standards for the management and control of the risksto which the Danske Bank Group is exposed. The Risk Tolerance Framework defines the risk levels the Group is willing to accept.
B17: Financial Crime Policy | C17: CCO Area | D17: Board of Directors | E17: Public | F17: 2025 | G17: Mandatory for all Group-related entities and to all employees, including temporary staff and contractors | H17: The objective of the Financial Crime Policy is to promote a strong Financial Crime compliance culture within the Danske Bank Group, prevent the Group’s infrastructure and products from being misused for financial crime purposes, and to set out the principles for the management of risk and compliance associated with potential money laundering, terrorist financing, sanctions, bribery, corruption, fraud, tax evasion and facilitation of tax evasion carried out through the Group. In doing so, the Financial Crime Policy protects the Danske Bank Group, our customers and the societies in which the Danske Bank Group operates.
B18: Group Internal Governance Policy | C18: CEO Office | D18: Board of Directors | E18: Not public | F18: 2025 | G18: Mandatory for all Group-related entities | H18: The objective of the Group Internal Governance Policy [into which the former Steering Policy, the Suitability Policy and the Succession and Talent Management Policy have been integrated] is to provide the framework for ensuring an appropriate internal governance framework across the Group and to serve as a cornerstone document setting out principles clarifying the Board of Directors’ expectations for Danske Bank, its branches and subsidiaries.
... B40: Whistleblowing Policy | C40: Group Compliance | D40: Board of Directors | E40: Public | F40: 2025 | G40: Mandatory for all Group-related entities and to all employees, including temporary staff and contractors as well as relevant individuals outside the Group | H40: The objective of the Whistleblowing Policy is to set out the principles and standards for the management of whistleblowers and whistleblowing reports.
